%YAML 1.1
%TAG !u! tag:unity3d.com,2011:
--- !u!29 &1
OcclusionCullingSettings:
  m_ObjectHideFlags: 0
  serializedVersion: 2
  m_OcclusionBakeSettings:
    smallestOccluder: 1
    smallestHole: 0.25
    backfaceThreshold: 100
  m_SceneGUID: 00000000000000000000000000000000
  m_OcclusionCullingData: {fileID: 0}
--- !u!104 &2
RenderSettings:
  m_ObjectHideFlags: 0
  serializedVersion: 9
  m_Fog: 0
  m_FogColor: {r: 0.1254902, g: 0.16470589, b: 0.20784314, a: 1}
  m_FogMode: 2
  m_FogDensity: 0.00006
  m_LinearFogStart: 0
  m_LinearFogEnd: 300
  m_AmbientSkyColor: {r: 0.43137255, g: 0.47058824, b: 0.54901963, a: 1}
  m_AmbientEquatorColor: {r: 0.64705884, g: 0.64705884, b: 0.64705884, a: 1}
  m_AmbientGroundColor: {r: 0.12156863, g: 0.15294118, b: 0.1764706, a: 1}
  m_AmbientIntensity: 1
  m_AmbientMode: 3
  m_SubtractiveShadowColor: {r: 0.42, g: 0.478, b: 0.627, a: 1}
  m_SkyboxMaterial: {fileID: 2100000, guid: bf1bf92a3ce592e40b898be6c21cc2fa, type: 2}
  m_HaloStrength: 0.5
  m_FlareStrength: 1
  m_FlareFadeSpeed: 3
  m_HaloTexture: {fileID: 0}
  m_SpotCookie: {fileID: 10001, guid: 0000000000000000e000000000000000, type: 0}
  m_DefaultReflectionMode: 0
  m_DefaultReflectionResolution: 256
  m_ReflectionBounces: 5
  m_ReflectionIntensity: 1
  m_CustomReflection: {fileID: 8900000, guid: 54ee5efaf6d5ed441a18522b5284bbdf, type: 3}
  m_Sun: {fileID: 0}
  m_IndirectSpecularColor: {r: 0.24939355, g: 0.31173837, b: 0.3674336, a: 1}
  m_UseRadianceAmbientProbe: 0
--- !u!157 &4
LightmapSettings:
  m_ObjectHideFlags: 0
  serializedVersion: 11
  m_GIWorkflowMode: 0
  m_GISettings:
    serializedVersion: 2
    m_BounceScale: 1
    m_IndirectOutputScale: 1
    m_AlbedoBoost: 1
    m_EnvironmentLightingMode: 0
    m_EnableBakedLightmaps: 1
    m_EnableRealtimeLightmaps: 0
  m_LightmapEditorSettings:
    serializedVersion: 10
    m_Resolution: 1
    m_BakeResolution: 20
    m_AtlasSize: 1024
    m_AO: 1
    m_AOMaxDistance: 1
    m_CompAOExponent: 1
    m_CompAOExponentDirect: 0
    m_Padding: 2
    m_LightmapParameters: {fileID: 0}
    m_LightmapsBakeMode: 1
    m_TextureCompression: 0
    m_FinalGather: 0
    m_FinalGatherFiltering: 1
    m_FinalGatherRayCount: 1024
    m_ReflectionCompression: 2
    m_MixedBakeMode: 1
    m_BakeBackend: 0
    m_PVRSampling: 1
    m_PVRDirectSampleCount: 32
    m_PVRSampleCount: 500
    m_PVRBounces: 2
    m_PVRFilterTypeDirect: 0
    m_PVRFilterTypeIndirect: 0
    m_PVRFilterTypeAO: 0
    m_PVRFilteringMode: 0
    m_PVRCulling: 1
    m_PVRFilteringGaussRadiusDirect: 1
    m_PVRFilteringGaussRadiusIndirect: 5
    m_PVRFilteringGaussRadiusAO: 2
    m_PVRFilteringAtrousPositionSigmaDirect: 0.5
    m_PVRFilteringAtrousPositionSigmaIndirect: 2
    m_PVRFilteringAtrousPositionSigmaAO: 1
    m_ShowResolutionOverlay: 1
  m_LightingDataAsset: {fileID: 0}
  m_UseShadowmask: 0
--- !u!196 &5
NavMeshSettings:
  serializedVersion: 2
  m_ObjectHideFlags: 0
  m_BuildSettings:
    serializedVersion: 2
    agentTypeID: 0
    agentRadius: 2
    agentHeight: 2
    agentSlope: 65
    agentClimb: 0.2
    ledgeDropHeight: 1
    maxJumpAcrossDistance: 0
    minRegionArea: 2
    manualCellSize: 0
    cellSize: 0.6666666
    manualTileSize: 0
    tileSize: 256
    accuratePlacement: 0
    debug:
      m_Flags: 0
  m_NavMeshData: {fileID: 0}
--- !u!1001 &51159726
PrefabInstance:
  m_ObjectHideFlags: 0
  serializedVersion: 2
  m_Modification:
    m_TransformParent: {fileID: 1310444561}
    m_Modifications:
    - target: {fileID: 100000, guid: cd3018213230a5c49a0e0f4609a10b9d, type: 3}
      propertyPath: m_StaticEditorFlags
      value: 4294967294
      objectReference: {fileID: 0}
    - target: {fileID: 400000, guid: cd3018213230a5c49a0e0f4609a10b9d, type: 3}
      propertyPath: m_LocalPosition.x
      value: -22
      objectReference: {fileID: 0}
    - target: {fileID: 400000, guid: cd3018213230a5c49a0e0f4609a10b9d, type: 3}
      propertyPath: m_LocalPosition.y
      value: 0
      objectReference: {fileID: 0}
    - target: {fileID: 400000, guid: cd3018213230a5c49a0e0f4609a10b9d, type: 3}
      propertyPath: m_LocalPosition.z
      value: -109
      objectReference: {fileID: 0}
    - target: {fileID: 400000, guid: cd3018213230a5c49a0e0f4609a10b9d, type: 3}
      propertyPath: m_LocalRotation.x
      value: 0
      objectReference: {fileID: 0}
    - target: {fileID: 400000, guid: cd3018213230a5c49a0e0f4609a10b9d, type: 3}
      propertyPath: m_LocalRotation.y
      value: 0
      objectReference: {fileID: 0}
    - target: {fileID: 400000, guid: cd3018213230a5c49a0e0f4609a10b9d, type: 3}
      propertyPath: m_LocalRotation.z
      value: 0
      objectReference: {fileID: 0}
    - target: {fileID: 400000, guid: cd3018213230a5c49a0e0f4609a10b9d, type: 3}
      propertyPath: m_LocalRotation.w
      value: 1
      objectReference: {fileID: 0}
    - target: {fileID: 400000, guid: cd3018213230a5c49a0e0f4609a10b9d, type: 3}
      propertyPath: m_RootOrder
      value: 2
      objectReference: {fileID: 0}
    m_RemovedComponents: []
  m_SourcePrefab: {fileID: 100100000, guid: cd3018213230a5c49a0e0f4609a10b9d, type: 3}
--- !u!1 &62579134
GameObject:
  m_ObjectHideFlags: 0
  m_CorrespondingSourceObject: {fileID: 0}
  m_PrefabInstance: {fileID: 0}
  m_PrefabAsset: {fileID: 0}
  serializedVersion: 6
  m_Component:
  - component: {fileID: 62579138}
  - component: {fileID: 62579137}
  - component: {fileID: 62579136}
  - component: {fileID: 62579135}
  - component: {fileID: 62579139}
  m_Layer: 5
  m_Name: Iterface
  m_TagString: Untagged
  m_Icon: {fileID: 0}
  m_NavMeshLayer: 0
  m_StaticEditorFlags: 0
  m_IsActive: 1
--- !u!114 &62579135
MonoBehaviour:
  m_ObjectHideFlags: 0
  m_CorrespondingSourceObject: {fileID: 0}
  m_PrefabInstance: {fileID: 0}
  m_PrefabAsset: {fileID: 0}
  m_GameObject: {fileID: 62579134}
  m_Enabled: 1
  m_EditorHideFlags: 0
  m_Script: {fileID: 1301386320, guid: f70555f144d8491a825f0804e09c671c, type: 3}
  m_Name: 
  m_EditorClassIdentifier: 
  m_IgnoreReversedGraphics: 1
  m_BlockingObjects: 0
  m_BlockingMask:
    serializedVersion: 2
    m_Bits: 4294967295
--- !u!114 &62579136
MonoBehaviour:
  m_ObjectHideFlags: 0
  m_CorrespondingSourceObject: {fileID: 0}
  m_PrefabInstance: {fileID: 0}
  m_PrefabAsset: {fileID: 0}
  m_GameObject: {fileID: 62579134}
  m_Enabled: 1
  m_EditorHideFlags: 0
  m_Script: {fileID: 1980459831, guid: f70555f144d8491a825f0804e09c671c, type: 3}
  m_Name: 
  m_EditorClassIdentifier: 
  m_UiScaleMode: 1
  m_ReferencePixelsPerUnit: 100
  m_ScaleFactor: 1
  m_ReferenceResolution: {x: 800, y: 600}
  m_ScreenMatchMode: 0
  m_MatchWidthOrHeight: 0
  m_PhysicalUnit: 3
  m_FallbackScreenDPI: 96
  m_DefaultSpriteDPI: 96
  m_DynamicPixelsPerUnit: 1
--- !u!223 &62579137
Canvas:
  m_ObjectHideFlags: 0
  m_CorrespondingSourceObject: {fileID: 0}
  m_PrefabInstance: {fileID: 0}
  m_PrefabAsset: {fileID: 0}
  m_GameObject: {fileID: 62579134}
  m_Enabled: 1
  serializedVersion: 3
  m_RenderMode: 0
  m_Camera: {fileID: 0}
  m_PlaneDistance: 100
  m_PixelPerfect: 0
  m_ReceivesEvents: 1
  m_OverrideSorting: 0
  m_OverridePixelPerfect: 0
  m_SortingBucketNormalizedSize: 0
  m_AdditionalShaderChannelsFlag: 0
  m_SortingLayerID: 0
  m_SortingOrder: 0
  m_TargetDisplay: 0
--- !u!224 &62579138
RectTransform:
  m_ObjectHideFlags: 0
  m_CorrespondingSourceObject: {fileID: 0}
  m_PrefabInstance: {fileID: 0}
  m_PrefabAsset: {fileID: 0}
  m_GameObject: {fileID: 62579134}
  m_LocalRotation: {x: 0, y: 0, z: 0, w: 1}
  m_LocalPosition: {x: 0, y: 0, z: 0}
  m_LocalScale: {x: 0, y: 0, z: 0}
  m_Children:
  - {fileID: 1223840957}
  - {fileID: 1127772316}
  - {fileID: 947986105}
  m_Father: {fileID: 0}
  m_RootOrder: 6
  m_LocalEulerAnglesHint: {x: 0, y: 0, z: 0}
  m_AnchorMin: {x: 0, y: 0}
  m_AnchorMax: {x: 0, y: 0}
  m_AnchoredPosition: {x: 0, y: 0}
  m_SizeDelta: {x: 0, y: 0}
  m_Pivot: {x: 0, y: 0}
--- !u!114 &62579139
MonoBehaviour:
  m_ObjectHideFlags: 0
  m_CorrespondingSourceObject: {fileID: 0}
  m_PrefabInstance: {fileID: 0}
  m_PrefabAsset: {fileID: 0}
  m_GameObject: {fileID: 62579134}
  m_Enabled: 1
  m_EditorHideFlags: 0
  m_Script: {fileID: 11500000, guid: eaef92512ca60042c8e923771aece7ad, type: 3}
  m_Name: 
  m_EditorClassIdentifier: 
  textLoser: {fileID: 1127772317}
  textSpeed: {fileID: 947986106}
--- !u!1001 &66370192
PrefabInstance:
  m_ObjectHideFlags: 0
  serializedVersion: 2
  m_Modification:
    m_TransformParent: {fileID: 1310444561}
    m_Modifications:
    - target: {fileID: 100000, guid: b87e14348acae3449a86167ae5521ac4, type: 3}
      propertyPath: m_StaticEditorFlags
      value: 4294967294
      objectReference: {fileID: 0}
    - target: {fileID: 400000, guid: b87e14348acae3449a86167ae5521ac4, type: 3}
      propertyPath: m_LocalPosition.x
      value: 0
      objectReference: {fileID: 0}
    - target: {fileID: 400000, guid: b87e14348acae3449a86167ae5521ac4, type: 3}
      propertyPath: m_LocalPosition.y
      value: 0
      objectReference: {fileID: 0}
    - target: {fileID: 400000, guid: b87e14348acae3449a86167ae5521ac4, type: 3}
      propertyPath: m_LocalPosition.z
      value: 2
      objectReference: {fileID: 0}
    - target: {fileID: 400000, guid: b87e14348acae3449a86167ae5521ac4, type: 3}
      propertyPath: m_LocalRotation.x
      value: 0
      objectReference: {fileID: 0}
    - target: {fileID: 400000, guid: b87e14348acae3449a86167ae5521ac4, type: 3}
      propertyPath: m_LocalRotation.y
      value: 0
      objectReference: {fileID: 0}
    - target: {fileID: 400000, guid: b87e14348acae3449a86167ae5521ac4, type: 3}
      propertyPath: m_LocalRotation.z
      value: 0
      objectReference: {fileID: 0}
    - target: {fileID: 400000, guid: b87e14348acae3449a86167ae5521ac4, type: 3}
      propertyPath: m_LocalRotation.w
      value: 1
      objectReference: {fileID: 0}
    - target: {fileID: 400000, guid: b87e14348acae3449a86167ae5521ac4, type: 3}
      propertyPath: m_RootOrder
      value: 10
      objectReference: {fileID: 0}
    - target: {fileID: 2300000, guid: b87e14348acae3449a86167ae5521ac4, type: 3}
      propertyPath: m_CastShadows
      value: 1
      objectReference: {fileID: 0}
    m_RemovedComponents: []
  m_SourcePrefab: {fileID: 100100000, guid: b87e14348acae3449a86167ae5521ac4, type: 3}
--- !u!4 &66370193 stripped
Transform:
  m_CorrespondingSourceObject: {fileID: 400000, guid: b87e14348acae3449a86167ae5521ac4,
    type: 3}
  m_PrefabInstance: {fileID: 66370192}
  m_PrefabAsset: {fileID: 0}
--- !u!1 &129070739 stripped
GameObject:
  m_CorrespondingSourceObject: {fileID: 100000, guid: b87e14348acae3449a86167ae5521ac4,
    type: 3}
  m_PrefabInstance: {fileID: 1966875179}
  m_PrefabAsset: {fileID: 0}
--- !u!64 &129070740
MeshCollider:
  m_ObjectHideFlags: 0
  m_CorrespondingSourceObject: {fileID: 0}
  m_PrefabInstance: {fileID: 0}
  m_PrefabAsset: {fileID: 0}
  m_GameObject: {fileID: 129070739}
  m_Material: {fileID: 0}
  m_IsTrigger: 0
  m_Enabled: 1
  serializedVersion: 3
  m_Convex: 0
  m_CookingOptions: 14
  m_Mesh: {fileID: 4300000, guid: b87e14348acae3449a86167ae5521ac4, type: 3}
--- !u!1001 &248805770
PrefabInstance:
  m_ObjectHideFlags: 0
  serializedVersion: 2
  m_Modification:
    m_TransformParent: {fileID: 1310444561}
    m_Modifications:
    - target: {fileID: 100000, guid: 6df3f650b33fa604cb3f5923fa50d053, type: 3}
      propertyPath: m_StaticEditorFlags
      value: 4294967294
      objectReference: {fileID: 0}
    - target: {fileID: 400000, guid: 6df3f650b33fa604cb3f5923fa50d053, type: 3}
      propertyPath: m_LocalPosition.x
      value: -76
      objectReference: {fileID: 0}
    - target: {fileID: 400000, guid: 6df3f650b33fa604cb3f5923fa50d053, type: 3}
      propertyPath: m_LocalPosition.y
      value: 0
      objectReference: {fileID: 0}
    - target: {fileID: 400000, guid: 6df3f650b33fa604cb3f5923fa50d053, type: 3}
      propertyPath: m_LocalPosition.z
      value: 125
      objectReference: {fileID: 0}
    - target: {fileID: 400000, guid: 6df3f650b33fa604cb3f5923fa50d053, type: 3}
      propertyPath: m_LocalRotation.x
      value: 0
      objectReference: {fileID: 0}
    - target: {fileID: 400000, guid: 6df3f650b33fa604cb3f5923fa50d053, type: 3}
      propertyPath: m_LocalRotation.y
      value: 0
      objectReference: {fileID: 0}
    - target: {fileID: 400000, guid: 6df3f650b33fa604cb3f5923fa50d053, type: 3}
      propertyPath: m_LocalRotation.z
      value: 0
      objectReference: {fileID: 0}
    - target: {fileID: 400000, guid: 6df3f650b33fa604cb3f5923fa50d053, type: 3}
      propertyPath: m_LocalRotation.w
      value: 1
      objectReference: {fileID: 0}
    - target: {fileID: 400000, guid: 6df3f650b33fa604cb3f5923fa50d053, type: 3}
      propertyPath: m_RootOrder
      value: 0
      objectReference: {fileID: 0}
    m_RemovedComponents: []
  m_SourcePrefab: {fileID: 100100000, guid: 6df3f650b33fa604cb3f5923fa50d053, type: 3}
--- !u!1 &352958648 stripped
GameObject:
  m_CorrespondingSourceObject: {fileID: 100000, guid: b87e14348acae3449a86167ae5521ac4,
    type: 3}
  m_PrefabInstance: {fileID: 66370192}
  m_PrefabAsset: {fileID: 0}
--- !u!64 &352958649
MeshCollider:
  m_ObjectHideFlags: 0
  m_CorrespondingSourceObject: {fileID: 0}
  m_PrefabInstance: {fileID: 0}
  m_PrefabAsset: {fileID: 0}
  m_GameObject: {fileID: 352958648}
  m_Material: {fileID: 0}
  m_IsTrigger: 0
  m_Enabled: 1
  serializedVersion: 3
  m_Convex: 0
  m_CookingOptions: 14
  m_Mesh: {fileID: 4300000, guid: b87e14348acae3449a86167ae5521ac4, type: 3}
--- !u!1001 &473551828
PrefabInstance:
  m_ObjectHideFlags: 0
  serializedVersion: 2
  m_Modification:
    m_TransformParent: {fileID: 1310444561}
    m_Modifications:
    - target: {fileID: 100000, guid: a2dd655bfef0f0849a2c33d8fb4a029c, type: 3}
      propertyPath: m_StaticEditorFlags
      value: 4294967294
      objectReference: {fileID: 0}
    - target: {fileID: 400000, guid: a2dd655bfef0f0849a2c33d8fb4a029c, type: 3}
      propertyPath: m_LocalPosition.x
      value: 124
      objectReference: {fileID: 0}
    - target: {fileID: 400000, guid: a2dd655bfef0f0849a2c33d8fb4a029c, type: 3}
      propertyPath: m_LocalPosition.y
      value: 0
      objectReference: {fileID: 0}
    - target: {fileID: 400000, guid: a2dd655bfef0f0849a2c33d8fb4a029c, type: 3}
      propertyPath: m_LocalPosition.z
      value: 35
      objectReference: {fileID: 0}
    - target: {fileID: 400000, guid: a2dd655bfef0f0849a2c33d8fb4a029c, type: 3}
      propertyPath: m_LocalRotation.x
      value: 0
      objectReference: {fileID: 0}
    - target: {fileID: 400000, guid: a2dd655bfef0f0849a2c33d8fb4a029c, type: 3}
      propertyPath: m_LocalRotation.y
      value: 0
      objectReference: {fileID: 0}
    - target: {fileID: 400000, guid: a2dd655bfef0f0849a2c33d8fb4a029c, type: 3}
      propertyPath: m_LocalRotation.z
      value: 0
      objectReference: {fileID: 0}
    - target: {fileID: 400000, guid: a2dd655bfef0f0849a2c33d8fb4a029c, type: 3}
      propertyPath: m_LocalRotation.w
      value: 1
      objectReference: {fileID: 0}
    - target: {fileID: 400000, guid: a2dd655bfef0f0849a2c33d8fb4a029c, type: 3}
      propertyPath: m_RootOrder
      value: 3
      objectReference: {fileID: 0}
    m_RemovedComponents: []
  m_SourcePrefab: {fileID: 100100000, guid: a2dd655bfef0f0849a2c33d8fb4a029c, type: 3}
--- !u!4 &473551829 stripped
Transform:
  m_CorrespondingSourceObject: {fileID: 400000, guid: a2dd655bfef0f0849a2c33d8fb4a029c,
    type: 3}
  m_PrefabInstance: {fileID: 473551828}
  m_PrefabAsset: {fileID: 0}
--- !u!1001 &581821179
PrefabInstance:
  m_ObjectHideFlags: 0
  serializedVersion: 2
  m_Modification:
    m_TransformParent: {fileID: 1310444561}
    m_Modifications:
    - target: {fileID: 100000, guid: 18dd8d7cbc4bc6a49ba9d26e2994c5bf, type: 3}
      propertyPath: m_StaticEditorFlags
      value: 4294967294
      objectReference: {fileID: 0}
    - target: {fileID: 400000, guid: 18dd8d7cbc4bc6a49ba9d26e2994c5bf, type: 3}
      propertyPath: m_LocalPosition.x
      value: -77
      objectReference: {fileID: 0}
    - target: {fileID: 400000, guid: 18dd8d7cbc4bc6a49ba9d26e2994c5bf, type: 3}
      propertyPath: m_LocalPosition.y
      value: 0
      objectReference: {fileID: 0}
    - target: {fileID: 400000, guid: 18dd8d7cbc4bc6a49ba9d26e2994c5bf, type: 3}
      propertyPath: m_LocalPosition.z
      value: 26
      objectReference: {fileID: 0}
    - target: {fileID: 400000, guid: 18dd8d7cbc4bc6a49ba9d26e2994c5bf, type: 3}
      propertyPath: m_LocalRotation.x
      value: 0
      objectReference: {fileID: 0}
    - target: {fileID: 400000, guid: 18dd8d7cbc4bc6a49ba9d26e2994c5bf, type: 3}
      propertyPath: m_LocalRotation.y
      value: 1
      objectReference: {fileID: 0}
    - target: {fileID: 400000, guid: 18dd8d7cbc4bc6a49ba9d26e2994c5bf, type: 3}
      propertyPath: m_LocalRotation.z
      value: 0
      objectReference: {fileID: 0}
    - target: {fileID: 400000, guid: 18dd8d7cbc4bc6a49ba9d26e2994c5bf, type: 3}
      propertyPath: m_LocalRotation.w
      value: -0.00000016292068
      objectReference: {fileID: 0}
    - target: {fileID: 400000, guid: 18dd8d7cbc4bc6a49ba9d26e2994c5bf, type: 3}
      propertyPath: m_RootOrder
      value: 1
      objectReference: {fileID: 0}
    - target: {fileID: 2300000, guid: 18dd8d7cbc4bc6a49ba9d26e2994c5bf, type: 3}
      propertyPath: m_CastShadows
      value: 1
      objectReference: {fileID: 0}
    - target: {fileID: 2300000, guid: 18dd8d7cbc4bc6a49ba9d26e2994c5bf, type: 3}
      propertyPath: m_ReceiveShadows
      value: 1
      objectReference: {fileID: 0}
    m_RemovedComponents: []
  m_SourcePrefab: {fileID: 100100000, guid: 18dd8d7cbc4bc6a49ba9d26e2994c5bf, type: 3}
--- !u!4 &581821180 stripped
Transform:
  m_CorrespondingSourceObject: {fileID: 400000, guid: 18dd8d7cbc4bc6a49ba9d26e2994c5bf,
    type: 3}
  m_PrefabInstance: {fileID: 581821179}
  m_PrefabAsset: {fileID: 0}
--- !u!1001 &721703607
PrefabInstance:
  m_ObjectHideFlags: 0
  serializedVersion: 2
  m_Modification:
    m_TransformParent: {fileID: 1937362307}
    m_Modifications:
    - target: {fileID: 100000, guid: ff3366103894bec429eeaa9b86b595e6, type: 3}
      propertyPath: m_Name
      value: BoxPile
      objectReference: {fileID: 0}
    - target: {fileID: 400000, guid: ff3366103894bec429eeaa9b86b595e6, type: 3}
      propertyPath: m_LocalPosition.x
      value: 161
      objectReference: {fileID: 0}
    - target: {fileID: 400000, guid: ff3366103894bec429eeaa9b86b595e6, type: 3}
      propertyPath: m_LocalPosition.y
      value: 0
      objectReference: {fileID: 0}
    - target: {fileID: 400000, guid: ff3366103894bec429eeaa9b86b595e6, type: 3}
      propertyPath: m_LocalPosition.z
      value: -65
      objectReference: {fileID: 0}
    - target: {fileID: 400000, guid: ff3366103894bec429eeaa9b86b595e6, type: 3}
      propertyPath: m_LocalRotation.x
      value: 0
      objectReference: {fileID: 0}
    - target: {fileID: 400000, guid: ff3366103894bec429eeaa9b86b595e6, type: 3}
      propertyPath: m_LocalRotation.y
      value: 0
      objectReference: {fileID: 0}
    - target: {fileID: 400000, guid: ff3366103894bec429eeaa9b86b595e6, type: 3}
      propertyPath: m_LocalRotation.z
      value: 0
      objectReference: {fileID: 0}
    - target: {fileID: 400000, guid: ff3366103894bec429eeaa9b86b595e6, type: 3}
      propertyPath: m_LocalRotation.w
      value: 1
      objectReference: {fileID: 0}
    - target: {fileID: 400000, guid: ff3366103894bec429eeaa9b86b595e6, type: 3}
      propertyPath: m_RootOrder
      value: 7
      objectReference: {fileID: 0}
    - target: {fileID: 2300008, guid: ff3366103894bec429eeaa9b86b595e6, type: 3}
      propertyPath: m_Materials.Array.data[0]
      value: 
      objectReference: {fileID: 2100000, guid: 61bcea22404bda2469670dd9255037db, type: 2}
    - target: {fileID: 2300006, guid: ff3366103894bec429eeaa9b86b595e6, type: 3}
      propertyPath: m_Materials.Array.data[0]
      value: 
      objectReference: {fileID: 2100000, guid: 61bcea22404bda2469670dd9255037db, type: 2}
    - target: {fileID: 2300004, guid: ff3366103894bec429eeaa9b86b595e6, type: 3}
      propertyPath: m_Materials.Array.data[0]
      value: 
      objectReference: {fileID: 2100000, guid: 61bcea22404bda2469670dd9255037db, type: 2}
    - target: {fileID: 2300002, guid: ff3366103894bec429eeaa9b86b595e6, type: 3}
      propertyPath: m_Materials.Array.data[0]
      value: 
      objectReference: {fileID: 2100000, guid: 61bcea22404bda2469670dd9255037db, type: 2}
    - target: {fileID: 2300000, guid: ff3366103894bec429eeaa9b86b595e6, type: 3}
      propertyPath: m_Materials.Array.data[0]
      value: 
      objectReference: {fileID: 2100000, guid: 61bcea22404bda2469670dd9255037db, type: 2}
    m_RemovedComponents: []
  m_SourcePrefab: {fileID: 100100000, guid: ff3366103894bec429eeaa9b86b595e6, type: 3}
--- !u!4 &721703608 stripped
Transform:
  m_CorrespondingSourceObject: {fileID: 400000, guid: ff3366103894bec429eeaa9b86b595e6,
    type: 3}
  m_PrefabInstance: {fileID: 721703607}
  m_PrefabAsset: {fileID: 0}
--- !u!4 &734686095 stripped
Transform:
  m_CorrespondingSourceObject: {fileID: 400000, guid: ff3366103894bec429eeaa9b86b595e6,
    type: 3}
  m_PrefabInstance: {fileID: 1194980284}
  m_PrefabAsset: {fileID: 0}
--- !u!1001 &789697494
PrefabInstance:
  m_ObjectHideFlags: 0
  serializedVersion: 2
  m_Modification:
    m_TransformParent: {fileID: 1310444561}
    m_Modifications:
    - target: {fileID: 100000, guid: b87e14348acae3449a86167ae5521ac4, type: 3}
      propertyPath: m_StaticEditorFlags
      value: 4294967294
      objectReference: {fileID: 0}
    - target: {fileID: 400000, guid: b87e14348acae3449a86167ae5521ac4, type: 3}
      propertyPath: m_LocalPosition.x
      value: 159
      objectReference: {fileID: 0}
    - target: {fileID: 400000, guid: b87e14348acae3449a86167ae5521ac4, type: 3}
      propertyPath: m_LocalPosition.y
      value: 0
      objectReference: {fileID: 0}
    - target: {fileID: 400000, guid: b87e14348acae3449a86167ae5521ac4, type: 3}
      propertyPath: m_LocalPosition.z
      value: -15
      objectReference: {fileID: 0}
    - target: {fileID: 400000, guid: b87e14348acae3449a86167ae5521ac4, type: 3}
      propertyPath: m_LocalRotation.x
      value: 0
      objectReference: {fileID: 0}
    - target: {fileID: 400000, guid: b87e14348acae3449a86167ae5521ac4, type: 3}
      propertyPath: m_LocalRotation.y
      value: 0
      objectReference: {fileID: 0}
    - target: {fileID: 400000, guid: b87e14348acae3449a86167ae5521ac4, type: 3}
      propertyPath: m_LocalRotation.z
      value: 0
      objectReference: {fileID: 0}
    - target: {fileID: 400000, guid: b87e14348acae3449a86167ae5521ac4, type: 3}
      propertyPath: m_LocalRotation.w
      value: 1
      objectReference: {fileID: 0}
    - target: {fileID: 400000, guid: b87e14348acae3449a86167ae5521ac4, type: 3}
      propertyPath: m_RootOrder
      value: 8
      objectReference: {fileID: 0}
    - target: {fileID: 2300000, guid: b87e14348acae3449a86167ae5521ac4, type: 3}
      propertyPath: m_CastShadows
      value: 1
      objectReference: {fileID: 0}
    m_RemovedComponents: []
  m_SourcePrefab: {fileID: 100100000, guid: b87e14348acae3449a86167ae5521ac4, type: 3}
--- !u!4 &789697495 stripped
Transform:
  m_CorrespondingSourceObject: {fileID: 400000, guid: b87e14348acae3449a86167ae5521ac4,
    type: 3}
  m_PrefabInstance: {fileID: 789697494}
  m_PrefabAsset: {fileID: 0}
--- !u!1 &790760963 stripped
GameObject:
  m_CorrespondingSourceObject: {fileID: 100000, guid: b87e14348acae3449a86167ae5521ac4,
    type: 3}
  m_PrefabInstance: {fileID: 959626133}
  m_PrefabAsset: {fileID: 0}
--- !u!64 &790760964
MeshCollider:
  m_ObjectHideFlags: 0
  m_CorrespondingSourceObject: {fileID: 0}
  m_PrefabInstance: {fileID: 0}
  m_PrefabAsset: {fileID: 0}
  m_GameObject: {fileID: 790760963}
  m_Material: {fileID: 0}
  m_IsTrigger: 0
  m_Enabled: 1
  serializedVersion: 3
  m_Convex: 0
  m_CookingOptions: 14
  m_Mesh: {fileID: 4300000, guid: b87e14348acae3449a86167ae5521ac4, type: 3}
--- !u!1 &816682567 stripped
GameObject:
  m_CorrespondingSourceObject: {fileID: 7829923402062726255, guid: 698adc860dbced39b842c95687847f48,
    type: 3}
  m_PrefabInstance: {fileID: 7607555582883922207}
  m_PrefabAsset: {fileID: 0}
--- !u!4 &852191463 stripped
Transform:
  m_CorrespondingSourceObject: {fileID: 400000, guid: cd3018213230a5c49a0e0f4609a10b9d,
    type: 3}
  m_PrefabInstance: {fileID: 51159726}
  m_PrefabAsset: {fileID: 0}
--- !u!1 &922992669 stripped
GameObject:
  m_CorrespondingSourceObject: {fileID: 100004, guid: c35d6bf90f6954140bdbb6cd51b608ac,
    type: 3}
  m_PrefabInstance: {fileID: 1399402022}
  m_PrefabAsset: {fileID: 0}
--- !u!64 &922992670
MeshCollider:
  m_ObjectHideFlags: 0
  m_CorrespondingSourceObject: {fileID: 0}
  m_PrefabInstance: {fileID: 0}
  m_PrefabAsset: {fileID: 0}
  m_GameObject: {fileID: 922992669}
  m_Material: {fileID: 0}
  m_IsTrigger: 0
  m_Enabled: 1
  serializedVersion: 3
  m_Convex: 0
  m_CookingOptions: 14
  m_Mesh: {fileID: 4300000, guid: c35d6bf90f6954140bdbb6cd51b608ac, type: 3}
--- !u!4 &929565522 stripped
Transform:
  m_CorrespondingSourceObject: {fileID: 400022, guid: b592d2faa93e6ad46a6d520adf8f123e,
    type: 3}
  m_PrefabInstance: {fileID: 1600561558}
  m_PrefabAsset: {fileID: 0}
--- !u!1 &947986104
GameObject:
  m_ObjectHideFlags: 0
  m_CorrespondingSourceObject: {fileID: 0}
  m_PrefabInstance: {fileID: 0}
  m_PrefabAsset: {fileID: 0}
  serializedVersion: 6
  m_Component:
  - component: {fileID: 947986105}
  - component: {fileID: 947986107}
  - component: {fileID: 947986106}
  m_Layer: 5
  m_Name: TextSpeed
  m_TagString: Untagged
  m_Icon: {fileID: 0}
  m_NavMeshLayer: 0
  m_StaticEditorFlags: 0
  m_IsActive: 1
--- !u!224 &947986105
RectTransform:
  m_ObjectHideFlags: 0
  m_CorrespondingSourceObject: {fileID: 0}
  m_PrefabInstance: {fileID: 0}
  m_PrefabAsset: {fileID: 0}
  m_GameObject: {fileID: 947986104}
  m_LocalRotation: {x: 0, y: 0, z: 0, w: 1}
  m_LocalPosition: {x: 0, y: 0, z: 0}
  m_LocalScale: {x: 1, y: 1, z: 1}
  m_Children: []
  m_Father: {fileID: 62579138}
  m_RootOrder: 2
  m_LocalEulerAnglesHint: {x: 0, y: 0, z: 0}
  m_AnchorMin: {x: 0, y: 1}
  m_AnchorMax: {x: 0, y: 1}
  m_AnchoredPosition: {x: 182, y: -33}
  m_SizeDelta: {x: 340.7, y: 50.899994}
  m_Pivot: {x: 0.5, y: 0.5}
--- !u!114 &947986106
MonoBehaviour:
  m_ObjectHideFlags: 0
  m_CorrespondingSourceObject: {fileID: 0}
  m_PrefabInstance: {fileID: 0}
  m_PrefabAsset: {fileID: 0}
  m_GameObject: {fileID: 947986104}
  m_Enabled: 1
  m_EditorHideFlags: 0
  m_Script: {fileID: 708705254, guid: f70555f144d8491a825f0804e09c671c, type: 3}
  m_Name: 
  m_EditorClassIdentifier: 
  m_Material: {fileID: 0}
  m_Color: {r: 0.19607843, g: 0.19607843, b: 0.19607843, a: 1}
  m_RaycastTarget: 1
  m_OnCullStateChanged:
    m_PersistentCalls:
      m_Calls: []
  m_FontData:
    m_Font: {fileID: 10102, guid: 0000000000000000e000000000000000, type: 0}
    m_FontSize: 18
    m_FontStyle: 0
    m_BestFit: 0
    m_MinSize: 0
    m_MaxSize: 50
    m_Alignment: 3
    m_AlignByGeometry: 0
    m_RichText: 1
    m_HorizontalOverflow: 0
    m_VerticalOverflow: 0
    m_LineSpacing: 1
  m_Text: "Speed: 0 km/h\x13"
--- !u!222 &947986107
CanvasRenderer:
  m_ObjectHideFlags: 0
  m_CorrespondingSourceObject: {fileID: 0}
  m_PrefabInstance: {fileID: 0}
  m_PrefabAsset: {fileID: 0}
  m_GameObject: {fileID: 947986104}
  m_CullTransparentMesh: 0
--- !u!1001 &959626133
PrefabInstance:
  m_ObjectHideFlags: 0
  serializedVersion: 2
  m_Modification:
    m_TransformParent: {fileID: 1310444561}
    m_Modifications:
    - target: {fileID: 100000, guid: b87e14348acae3449a86167ae5521ac4, type: 3}
      propertyPath: m_StaticEditorFlags
      value: 4294967294
      objectReference: {fileID: 0}
    - target: {fileID: 400000, guid: b87e14348acae3449a86167ae5521ac4, type: 3}
      propertyPath: m_LocalPosition.x
      value: -22
      objectReference: {fileID: 0}
    - target: {fileID: 400000, guid: b87e14348acae3449a86167ae5521ac4, type: 3}
      propertyPath: m_LocalPosition.y
      value: 0
      objectReference: {fileID: 0}
    - target: {fileID: 400000, guid: b87e14348acae3449a86167ae5521ac4, type: 3}
      propertyPath: m_LocalPosition.z
      value: 79
      objectReference: {fileID: 0}
    - target: {fileID: 400000, guid: b87e14348acae3449a86167ae5521ac4, type: 3}
      propertyPath: m_LocalRotation.x
      value: 0
      objectReference: {fileID: 0}
    - target: {fileID: 400000, guid: b87e14348acae3449a86167ae5521ac4, type: 3}
      propertyPath: m_LocalRotation.y
      value: 0
      objectReference: {fileID: 0}
    - target: {fileID: 400000, guid: b87e14348acae3449a86167ae5521ac4, type: 3}
      propertyPath: m_LocalRotation.z
      value: 0
      objectReference: {fileID: 0}
    - target: {fileID: 400000, guid: b87e14348acae3449a86167ae5521ac4, type: 3}
      propertyPath: m_LocalRotation.w
      value: 1
      objectReference: {fileID: 0}
    - target: {fileID: 400000, guid: b87e14348acae3449a86167ae5521ac4, type: 3}
      propertyPath: m_RootOrder
      value: 9
      objectReference: {fileID: 0}
    - target: {fileID: 2300000, guid: b87e14348acae3449a86167ae5521ac4, type: 3}
      propertyPath: m_CastShadows
      value: 1
      objectReference: {fileID: 0}
    m_RemovedComponents: []
  m_SourcePrefab: {fileID: 100100000, guid: b87e14348acae3449a86167ae5521ac4, type: 3}
--- !u!4 &959626134 stripped
Transform:
  m_CorrespondingSourceObject: {fileID: 400000, guid: b87e14348acae3449a86167ae5521ac4,
    type: 3}
  m_PrefabInstance: {fileID: 959626133}
  m_PrefabAsset: {fileID: 0}
--- !u!1 &1053602644 stripped
GameObject:
  m_CorrespondingSourceObject: {fileID: 100000, guid: b87e14348acae3449a86167ae5521ac4,
    type: 3}
  m_PrefabInstance: {fileID: 1396319782}
  m_PrefabAsset: {fileID: 0}
--- !u!64 &1053602645
MeshCollider:
  m_ObjectHideFlags: 0
  m_CorrespondingSourceObject: {fileID: 0}
  m_PrefabInstance: {fileID: 0}
  m_PrefabAsset: {fileID: 0}
  m_GameObject: {fileID: 1053602644}
  m_Material: {fileID: 0}
  m_IsTrigger: 0
  m_Enabled: 1
  serializedVersion: 3
  m_Convex: 0
  m_CookingOptions: 14
  m_Mesh: {fileID: 4300000, guid: b87e14348acae3449a86167ae5521ac4, type: 3}
--- !u!1001 &1121020166
PrefabInstance:
  m_ObjectHideFlags: 0
  serializedVersion: 2
  m_Modification:
    m_TransformParent: {fileID: 1937362307}
    m_Modifications:
    - target: {fileID: 100000, guid: ff3366103894bec429eeaa9b86b595e6, type: 3}
      propertyPath: m_Name
      value: BoxPile
      objectReference: {fileID: 0}
    - target: {fileID: 400000, guid: ff3366103894bec429eeaa9b86b595e6, type: 3}
      propertyPath: m_LocalPosition.x
      value: 99
      objectReference: {fileID: 0}
    - target: {fileID: 400000, guid: ff3366103894bec429eeaa9b86b595e6, type: 3}
      propertyPath: m_LocalPosition.y
      value: 0
      objectReference: {fileID: 0}
    - target: {fileID: 400000, guid: ff3366103894bec429eeaa9b86b595e6, type: 3}
      propertyPath: m_LocalPosition.z
      value: 96
      objectReference: {fileID: 0}
    - target: {fileID: 400000, guid: ff3366103894bec429eeaa9b86b595e6, type: 3}
      propertyPath: m_LocalRotation.x
      value: 0
      objectReference: {fileID: 0}
    - target: {fileID: 400000, guid: ff3366103894bec429eeaa9b86b595e6, type: 3}
      propertyPath: m_LocalRotation.y
      value: 0.000000007779956
      objectReference: {fileID: 0}
    - target: {fileID: 400000, guid: ff3366103894bec429eeaa9b86b595e6, type: 3}
      propertyPath: m_LocalRotation.z
      value: 0
      objectReference: {fileID: 0}
    - target: {fileID: 400000, guid: ff3366103894bec429eeaa9b86b595e6, type: 3}
      propertyPath: m_LocalRotation.w
      value: 1
      objectReference: {fileID: 0}
    - target: {fileID: 400000, guid: ff3366103894bec429eeaa9b86b595e6, type: 3}
      propertyPath: m_RootOrder
      value: 4
      objectReference: {fileID: 0}
    - target: {fileID: 2300008, guid: ff3366103894bec429eeaa9b86b595e6, type: 3}
      propertyPath: m_Materials.Array.data[0]
      value: 
      objectReference: {fileID: 2100000, guid: 61bcea22404bda2469670dd9255037db, type: 2}
    - target: {fileID: 2300006, guid: ff3366103894bec429eeaa9b86b595e6, type: 3}
      propertyPath: m_Materials.Array.data[0]
      value: 
      objectReference: {fileID: 2100000, guid: 61bcea22404bda2469670dd9255037db, type: 2}
    - target: {fileID: 2300004, guid: ff3366103894bec429eeaa9b86b595e6, type: 3}
      propertyPath: m_Materials.Array.data[0]
      value: 
      objectReference: {fileID: 2100000, guid: 61bcea22404bda2469670dd9255037db, type: 2}
    - target: {fileID: 2300002, guid: ff3366103894bec429eeaa9b86b595e6, type: 3}
      propertyPath: m_Materials.Array.data[0]
      value: 
      objectReference: {fileID: 2100000, guid: 61bcea22404bda2469670dd9255037db, type: 2}
    - target: {fileID: 2300000, guid: ff3366103894bec429eeaa9b86b595e6, type: 3}
      propertyPath: m_Materials.Array.data[0]
      value: 
      objectReference: {fileID: 2100000, guid: 61bcea22404bda2469670dd9255037db, type: 2}
    m_RemovedComponents: []
  m_SourcePrefab: {fileID: 100100000, guid: ff3366103894bec429eeaa9b86b595e6, type: 3}
--- !u!4 &1121020167 stripped
Transform:
  m_CorrespondingSourceObject: {fileID: 400000, guid: ff3366103894bec429eeaa9b86b595e6,
    type: 3}
  m_PrefabInstance: {fileID: 1121020166}
  m_PrefabAsset: {fileID: 0}
--- !u!1 &1127772315
GameObject:
  m_ObjectHideFlags: 0
  m_CorrespondingSourceObject: {fileID: 0}
  m_PrefabInstance: {fileID: 0}
  m_PrefabAsset: {fileID: 0}
  serializedVersion: 6
  m_Component:
  - component: {fileID: 1127772316}
  - component: {fileID: 1127772318}
  - component: {fileID: 1127772317}
  m_Layer: 5
  m_Name: TextLose
  m_TagString: Finish
  m_Icon: {fileID: 0}
  m_NavMeshLayer: 0
  m_StaticEditorFlags: 0
  m_IsActive: 1
--- !u!224 &1127772316
RectTransform:
  m_ObjectHideFlags: 0
  m_CorrespondingSourceObject: {fileID: 0}
  m_PrefabInstance: {fileID: 0}
  m_PrefabAsset: {fileID: 0}
  m_GameObject: {fileID: 1127772315}
  m_LocalRotation: {x: 0, y: 0, z: 0, w: 1}
  m_LocalPosition: {x: 0, y: 0, z: 0}
  m_LocalScale: {x: 1, y: 1, z: 1}
  m_Children: []
  m_Father: {fileID: 62579138}
  m_RootOrder: 1
  m_LocalEulerAnglesHint: {x: 0, y: 0, z: 0}
  m_AnchorMin: {x: 0.5, y: 0.5}
  m_AnchorMax: {x: 0.5, y: 0.5}
  m_AnchoredPosition: {x: -0.000015258789, y: 0}
  m_SizeDelta: {x: 419.07, y: 164.62}
  m_Pivot: {x: 0.5, y: 0.5}
--- !u!114 &1127772317
MonoBehaviour:
  m_ObjectHideFlags: 0
  m_CorrespondingSourceObject: {fileID: 0}
  m_PrefabInstance: {fileID: 0}
  m_PrefabAsset: {fileID: 0}
  m_GameObject: {fileID: 1127772315}
  m_Enabled: 1
  m_EditorHideFlags: 0
  m_Script: {fileID: 708705254, guid: f70555f144d8491a825f0804e09c671c, type: 3}
  m_Name: 
  m_EditorClassIdentifier: 
  m_Material: {fileID: 0}
  m_Color: {r: 1, g: 1, b: 1, a: 1}
  m_RaycastTarget: 1
  m_OnCullStateChanged:
    m_PersistentCalls:
      m_Calls: []
  m_FontData:
    m_Font: {fileID: 12800000, guid: 1f16052dfd5f6f54e94e97ecedd4c86b, type: 3}
    m_FontSize: 100
    m_FontStyle: 0
    m_BestFit: 1
    m_MinSize: 0
    m_MaxSize: 100
    m_Alignment: 4
    m_AlignByGeometry: 0
    m_RichText: 1
    m_HorizontalOverflow: 0
    m_VerticalOverflow: 0
    m_LineSpacing: 1
  m_Text: "\x13"
--- !u!222 &1127772318
CanvasRenderer:
  m_ObjectHideFlags: 0
  m_CorrespondingSourceObject: {fileID: 0}
  m_PrefabInstance: {fileID: 0}
  m_PrefabAsset: {fileID: 0}
  m_GameObject: {fileID: 1127772315}
  m_CullTransparentMesh: 0
--- !u!1 &1191317371
GameObject:
  m_ObjectHideFlags: 0
  m_CorrespondingSourceObject: {fileID: 0}
  m_PrefabInstance: {fileID: 0}
  m_PrefabAsset: {fileID: 0}
  serializedVersion: 6
  m_Component:
  - component: {fileID: 1191317374}
  - component: {fileID: 1191317373}
  - component: {fileID: 1191317372}
  m_Layer: 0
  m_Name: EventSystem
  m_TagString: Untagged
  m_Icon: {fileID: 0}
  m_NavMeshLayer: 0
  m_StaticEditorFlags: 0
  m_IsActive: 1
--- !u!114 &1191317372
MonoBehaviour:
  m_ObjectHideFlags: 0
  m_CorrespondingSourceObject: {fileID: 0}
  m_PrefabInstance: {fileID: 0}
  m_PrefabAsset: {fileID: 0}
  m_GameObject: {fileID: 1191317371}
  m_Enabled: 1
  m_EditorHideFlags: 0
  m_Script: {fileID: 1077351063, guid: f70555f144d8491a825f0804e09c671c, type: 3}
  m_Name: 
  m_EditorClassIdentifier: 
  m_HorizontalAxis: Horizontal
  m_VerticalAxis: Vertical
  m_SubmitButton: Submit
  m_CancelButton: Cancel
  m_InputActionsPerSecond: 10
  m_RepeatDelay: 0.5
  m_ForceModuleActive: 0
--- !u!114 &1191317373
MonoBehaviour:
  m_ObjectHideFlags: 0
  m_CorrespondingSourceObject: {fileID: 0}
  m_PrefabInstance: {fileID: 0}
  m_PrefabAsset: {fileID: 0}
  m_GameObject: {fileID: 1191317371}
  m_Enabled: 1
  m_EditorHideFlags: 0
  m_Script: {fileID: -619905303, guid: f70555f144d8491a825f0804e09c671c, type: 3}
  m_Name: 
  m_EditorClassIdentifier: 
  m_FirstSelected: {fileID: 0}
  m_sendNavigationEvents: 1
  m_DragThreshold: 10
--- !u!4 &1191317374
Transform:
  m_ObjectHideFlags: 0
  m_CorrespondingSourceObject: {fileID: 0}
  m_PrefabInstance: {fileID: 0}
  m_PrefabAsset: {fileID: 0}
  m_GameObject: {fileID: 1191317371}
  m_LocalRotation: {x: 0, y: 0, z: 0, w: 1}
  m_LocalPosition: {x: 0, y: 0, z: 0}
  m_LocalScale: {x: 1, y: 1, z: 1}
  m_Children: []
  m_Father: {fileID: 0}
  m_RootOrder: 7
  m_LocalEulerAnglesHint: {x: 0, y: 0, z: 0}
--- !u!1001 &1194980284
PrefabInstance:
  m_ObjectHideFlags: 0
  serializedVersion: 2
  m_Modification:
    m_TransformParent: {fileID: 1937362307}
    m_Modifications:
    - target: {fileID: 400000, guid: ff3366103894bec429eeaa9b86b595e6, type: 3}
      propertyPath: m_LocalPosition.x
      value: 98
      objectReference: {fileID: 0}
    - target: {fileID: 400000, guid: ff3366103894bec429eeaa9b86b595e6, type: 3}
      propertyPath: m_LocalPosition.y
      value: 0
      objectReference: {fileID: 0}
    - target: {fileID: 400000, guid: ff3366103894bec429eeaa9b86b595e6, type: 3}
      propertyPath: m_LocalPosition.z
      value: 182
      objectReference: {fileID: 0}
    - target: {fileID: 400000, guid: ff3366103894bec429eeaa9b86b595e6, type: 3}
      propertyPath: m_LocalRotation.x
      value: 0
      objectReference: {fileID: 0}
    - target: {fileID: 400000, guid: ff3366103894bec429eeaa9b86b595e6, type: 3}
      propertyPath: m_LocalRotation.y
      value: 0
      objectReference: {fileID: 0}
    - target: {fileID: 400000, guid: ff3366103894bec429eeaa9b86b595e6, type: 3}
      propertyPath: m_LocalRotation.z
      value: 0
      objectReference: {fileID: 0}
    - target: {fileID: 400000, guid: ff3366103894bec429eeaa9b86b595e6, type: 3}
      propertyPath: m_LocalRotation.w
      value: 1
      objectReference: {fileID: 0}
    - target: {fileID: 400000, guid: ff3366103894bec429eeaa9b86b595e6, type: 3}
      propertyPath: m_RootOrder
      value: 0
      objectReference: {fileID: 0}
    - target: {fileID: 2300008, guid: ff3366103894bec429eeaa9b86b595e6, type: 3}
      propertyPath: m_Materials.Array.data[0]
      value: 
      objectReference: {fileID: 2100000, guid: 61bcea22404bda2469670dd9255037db, type: 2}
    - target: {fileID: 2300006, guid: ff3366103894bec429eeaa9b86b595e6, type: 3}
      propertyPath: m_Materials.Array.data[0]
      value: 
      objectReference: {fileID: 2100000, guid: 61bcea22404bda2469670dd9255037db, type: 2}
    - target: {fileID: 2300004, guid: ff3366103894bec429eeaa9b86b595e6, type: 3}
      propertyPath: m_Materials.Array.data[0]
      value: 
      objectReference: {fileID: 2100000, guid: 61bcea22404bda2469670dd9255037db, type: 2}
    - target: {fileID: 2300002, guid: ff3366103894bec429eeaa9b86b595e6, type: 3}
      propertyPath: m_Materials.Array.data[0]
      value: 
      objectReference: {fileID: 2100000, guid: 61bcea22404bda2469670dd9255037db, type: 2}
    - target: {fileID: 2300000, guid: ff3366103894bec429eeaa9b86b595e6, type: 3}
      propertyPath: m_Materials.Array.data[0]
      value: 
      objectReference: {fileID: 2100000, guid: 61bcea22404bda2469670dd9255037db, type: 2}
    m_RemovedComponents: []
  m_SourcePrefab: {fileID: 100100000, guid: ff3366103894bec429eeaa9b86b595e6, type: 3}
--- !u!1 &1223840956
GameObject:
  m_ObjectHideFlags: 0
  m_CorrespondingSourceObject: {fileID: 0}
  m_PrefabInstance: {fileID: 0}
  m_PrefabAsset: {fileID: 0}
  serializedVersion: 6
  m_Component:
  - component: {fileID: 1223840957}
  - component: {fileID: 1223840960}
  - component: {fileID: 1223840959}
  - component: {fileID: 1223840958}
  m_Layer: 5
  m_Name: Button
  m_TagString: Untagged
  m_Icon: {fileID: 0}
  m_NavMeshLayer: 0
  m_StaticEditorFlags: 0
  m_IsActive: 1
--- !u!224 &1223840957
RectTransform:
  m_ObjectHideFlags: 0
  m_CorrespondingSourceObject: {fileID: 0}
  m_PrefabInstance: {fileID: 0}
  m_PrefabAsset: {fileID: 0}
  m_GameObject: {fileID: 1223840956}
  m_LocalRotation: {x: 0, y: 0, z: 0, w: 1}
  m_LocalPosition: {x: 0, y: 0, z: 0}
  m_LocalScale: {x: 1, y: 1, z: 1}
  m_Children:
  - {fileID: 1381464232}
  m_Father: {fileID: 62579138}
  m_RootOrder: 0
  m_LocalEulerAnglesHint: {x: 0, y: 0, z: 0}
  m_AnchorMin: {x: 1, y: 1}
  m_AnchorMax: {x: 1, y: 1}
  m_AnchoredPosition: {x: -96.3, y: -33}
  m_SizeDelta: {x: 160, y: 30}
  m_Pivot: {x: 0.5, y: 0.5}
--- !u!114 &1223840958
MonoBehaviour:
  m_ObjectHideFlags: 0
  m_CorrespondingSourceObject: {fileID: 0}
  m_PrefabInstance: {fileID: 0}
  m_PrefabAsset: {fileID: 0}
  m_GameObject: {fileID: 1223840956}
  m_Enabled: 1
  m_EditorHideFlags: 0
  m_Script: {fileID: 1392445389, guid: f70555f144d8491a825f0804e09c671c, type: 3}
  m_Name: 
  m_EditorClassIdentifier: 
  m_Navigation:
    m_Mode: 3
    m_SelectOnUp: {fileID: 0}
    m_SelectOnDown: {fileID: 0}
    m_SelectOnLeft: {fileID: 0}
    m_SelectOnRight: {fileID: 0}
  m_Transition: 1
  m_Colors:
    m_NormalColor: {r: 1, g: 1, b: 1, a: 1}
    m_HighlightedColor: {r: 0.9607843, g: 0.9607843, b: 0.9607843, a: 1}
    m_PressedColor: {r: 0.78431374, g: 0.78431374, b: 0.78431374, a: 1}
    m_DisabledColor: {r: 0.78431374, g: 0.78431374, b: 0.78431374, a: 0.5019608}
    m_ColorMultiplier: 1
    m_FadeDuration: 0.1
  m_SpriteState:
    m_HighlightedSprite: {fileID: 0}
    m_PressedSprite: {fileID: 0}
    m_DisabledSprite: {fileID: 0}
  m_AnimationTriggers:
    m_NormalTrigger: Normal
    m_HighlightedTrigger: Highlighted
    m_PressedTrigger: Pressed
    m_DisabledTrigger: Disabled
  m_Interactable: 1
  m_TargetGraphic: {fileID: 1223840959}
  m_OnClick:
    m_PersistentCalls:
      m_Calls:
      - m_Target: {fileID: 62579139}
        m_MethodName: Click
        m_Mode: 1
        m_Arguments:
          m_ObjectArgument: {fileID: 0}
          m_ObjectArgumentAssemblyTypeName: UnityEngine.Object, UnityEngine
          m_IntArgument: 0
          m_FloatArgument: 0
          m_StringArgument: 
          m_BoolArgument: 0
        m_CallState: 2
--- !u!114 &1223840959
MonoBehaviour:
  m_ObjectHideFlags: 0
  m_CorrespondingSourceObject: {fileID: 0}
  m_PrefabInstance: {fileID: 0}
  m_PrefabAsset: {fileID: 0}
  m_GameObject: {fileID: 1223840956}
  m_Enabled: 1
  m_EditorHideFlags: 0
  m_Script: {fileID: -765806418, guid: f70555f144d8491a825f0804e09c671c, type: 3}
  m_Name: 
  m_EditorClassIdentifier: 
  m_Material: {fileID: 0}
  m_Color: {r: 1, g: 1, b: 1, a: 1}
  m_RaycastTarget: 1
  m_OnCullStateChanged:
    m_PersistentCalls:
      m_Calls: []
  m_Sprite: {fileID: 10905, guid: 0000000000000000f000000000000000, type: 0}
  m_Type: 1
  m_PreserveAspect: 0
  m_FillCenter: 1
  m_FillMethod: 4
  m_FillAmount: 1
  m_FillClockwise: 1
  m_FillOrigin: 0
  m_UseSpriteMesh: 0
--- !u!222 &1223840960
CanvasRenderer:
  m_ObjectHideFlags: 0
  m_CorrespondingSourceObject: {fileID: 0}
  m_PrefabInstance: {fileID: 0}
  m_PrefabAsset: {fileID: 0}
  m_GameObject: {fileID: 1223840956}
  m_CullTransparentMesh: 0
--- !u!1 &1234299525 stripped
GameObject:
  m_CorrespondingSourceObject: {fileID: 100000, guid: b87e14348acae3449a86167ae5521ac4,
    type: 3}
  m_PrefabInstance: {fileID: 789697494}
  m_PrefabAsset: {fileID: 0}
--- !u!64 &1234299526
MeshCollider:
  m_ObjectHideFlags: 0
  m_CorrespondingSourceObject: {fileID: 0}
  m_PrefabInstance: {fileID: 0}
  m_PrefabAsset: {fileID: 0}
  m_GameObject: {fileID: 1234299525}
  m_Material: {fileID: 0}
  m_IsTrigger: 0
  m_Enabled: 1
  serializedVersion: 3
  m_Convex: 0
  m_CookingOptions: 14
  m_Mesh: {fileID: 4300000, guid: b87e14348acae3449a86167ae5521ac4, type: 3}
--- !u!1001 &1263077889
PrefabInstance:
  m_ObjectHideFlags: 0
  serializedVersion: 2
  m_Modification:
    m_TransformParent: {fileID: 1937362307}
    m_Modifications:
    - target: {fileID: 100000, guid: ff3366103894bec429eeaa9b86b595e6, type: 3}
      propertyPath: m_StaticEditorFlags
      value: 0
      objectReference: {fileID: 0}
    - target: {fileID: 100000, guid: ff3366103894bec429eeaa9b86b595e6, type: 3}
      propertyPath: m_IsActive
      value: 1
      objectReference: {fileID: 0}
    - target: {fileID: 100000, guid: ff3366103894bec429eeaa9b86b595e6, type: 3}
      propertyPath: m_Name
      value: BoxPile
      objectReference: {fileID: 0}
    - target: {fileID: 400000, guid: ff3366103894bec429eeaa9b86b595e6, type: 3}
      propertyPath: m_LocalPosition.x
      value: 49
      objectReference: {fileID: 0}
    - target: {fileID: 400000, guid: ff3366103894bec429eeaa9b86b595e6, type: 3}
      propertyPath: m_LocalPosition.y
      value: 0
      objectReference: {fileID: 0}
    - target: {fileID: 400000, guid: ff3366103894bec429eeaa9b86b595e6, type: 3}
      propertyPath: m_LocalPosition.z
      value: 22
      objectReference: {fileID: 0}
    - target: {fileID: 400000, guid: ff3366103894bec429eeaa9b86b595e6, type: 3}
      propertyPath: m_LocalRotation.x
      value: 0
      objectReference: {fileID: 0}
    - target: {fileID: 400000, guid: ff3366103894bec429eeaa9b86b595e6, type: 3}
      propertyPath: m_LocalRotation.y
      value: 0
      objectReference: {fileID: 0}
    - target: {fileID: 400000, guid: ff3366103894bec429eeaa9b86b595e6, type: 3}
      propertyPath: m_LocalRotation.z
      value: 0
      objectReference: {fileID: 0}
    - target: {fileID: 400000, guid: ff3366103894bec429eeaa9b86b595e6, type: 3}
      propertyPath: m_LocalRotation.w
      value: 1
      objectReference: {fileID: 0}
    - target: {fileID: 400000, guid: ff3366103894bec429eeaa9b86b595e6, type: 3}
      propertyPath: m_RootOrder
      value: 2
      objectReference: {fileID: 0}
    - target: {fileID: 2300008, guid: ff3366103894bec429eeaa9b86b595e6, type: 3}
      propertyPath: m_CastShadows
      value: 1
      objectReference: {fileID: 0}
    - target: {fileID: 2300008, guid: ff3366103894bec429eeaa9b86b595e6, type: 3}
      propertyPath: m_Materials.Array.data[0]
      value: 
      objectReference: {fileID: 2100000, guid: 61bcea22404bda2469670dd9255037db, type: 2}
    - target: {fileID: 2300006, guid: ff3366103894bec429eeaa9b86b595e6, type: 3}
      propertyPath: m_CastShadows
      value: 1
      objectReference: {fileID: 0}
    - target: {fileID: 2300006, guid: ff3366103894bec429eeaa9b86b595e6, type: 3}
      propertyPath: m_Materials.Array.data[0]
      value: 
      objectReference: {fileID: 2100000, guid: 61bcea22404bda2469670dd9255037db, type: 2}
    - target: {fileID: 2300004, guid: ff3366103894bec429eeaa9b86b595e6, type: 3}
      propertyPath: m_CastShadows
      value: 1
      objectReference: {fileID: 0}
    - target: {fileID: 2300004, guid: ff3366103894bec429eeaa9b86b595e6, type: 3}
      propertyPath: m_Materials.Array.data[0]
      value: 
      objectReference: {fileID: 2100000, guid: 61bcea22404bda2469670dd9255037db, type: 2}
    - target: {fileID: 2300002, guid: ff3366103894bec429eeaa9b86b595e6, type: 3}
      propertyPath: m_CastShadows
      value: 1
      objectReference: {fileID: 0}
    - target: {fileID: 2300002, guid: ff3366103894bec429eeaa9b86b595e6, type: 3}
      propertyPath: m_Materials.Array.data[0]
      value: 
      objectReference: {fileID: 2100000, guid: 61bcea22404bda2469670dd9255037db, type: 2}
    - target: {fileID: 2300000, guid: ff3366103894bec429eeaa9b86b595e6, type: 3}
      propertyPath: m_CastShadows
      value: 1
      objectReference: {fileID: 0}
    - target: {fileID: 2300000, guid: ff3366103894bec429eeaa9b86b595e6, type: 3}
      propertyPath: m_Materials.Array.data[0]
      value: 
      objectReference: {fileID: 2100000, guid: 61bcea22404bda2469670dd9255037db, type: 2}
    - target: {fileID: 100004, guid: ff3366103894bec429eeaa9b86b595e6, type: 3}
      propertyPath: m_StaticEditorFlags
      value: 0
      objectReference: {fileID: 0}
    - target: {fileID: 100002, guid: ff3366103894bec429eeaa9b86b595e6, type: 3}
      propertyPath: m_StaticEditorFlags
      value: 0
      objectReference: {fileID: 0}
    - target: {fileID: 100006, guid: ff3366103894bec429eeaa9b86b595e6, type: 3}
      propertyPath: m_StaticEditorFlags
      value: 0
      objectReference: {fileID: 0}
    - target: {fileID: 100010, guid: ff3366103894bec429eeaa9b86b595e6, type: 3}
      propertyPath: m_StaticEditorFlags
      value: 0
      objectReference: {fileID: 0}
    - target: {fileID: 100008, guid: ff3366103894bec429eeaa9b86b595e6, type: 3}
      propertyPath: m_StaticEditorFlags
      value: 0
      objectReference: {fileID: 0}
    m_RemovedComponents: []
  m_SourcePrefab: {fileID: 100100000, guid: ff3366103894bec429eeaa9b86b595e6, type: 3}
--- !u!4 &1263077890 stripped
Transform:
  m_CorrespondingSourceObject: {fileID: 400000, guid: ff3366103894bec429eeaa9b86b595e6,
    type: 3}
  m_PrefabInstance: {fileID: 1263077889}
  m_PrefabAsset: {fileID: 0}
--- !u!1 &1292213593 stripped
GameObject:
  m_CorrespondingSourceObject: {fileID: 100000, guid: e5a593bc7144a6c45b7a3d4543355ec4,
    type: 3}
  m_PrefabInstance: {fileID: 1574584347}
  m_PrefabAsset: {fileID: 0}
--- !u!64 &1292213594
MeshCollider:
  m_ObjectHideFlags: 0
  m_CorrespondingSourceObject: {fileID: 0}
  m_PrefabInstance: {fileID: 0}
  m_PrefabAsset: {fileID: 0}
  m_GameObject: {fileID: 1292213593}
  m_Material: {fileID: 0}
  m_IsTrigger: 0
  m_Enabled: 1
  serializedVersion: 3
  m_Convex: 0
  m_CookingOptions: 14
  m_Mesh: {fileID: 4300000, guid: e5a593bc7144a6c45b7a3d4543355ec4, type: 3}
--- !u!1001 &1297412144
PrefabInstance:
  m_ObjectHideFlags: 0
  serializedVersion: 2
  m_Modification:
    m_TransformParent: {fileID: 1937362307}
    m_Modifications:
    - target: {fileID: 100000, guid: ff3366103894bec429eeaa9b86b595e6, type: 3}
      propertyPath: m_Name
      value: BoxPile
      objectReference: {fileID: 0}
    - target: {fileID: 400000, guid: ff3366103894bec429eeaa9b86b595e6, type: 3}
      propertyPath: m_LocalPosition.x
      value: 94
      objectReference: {fileID: 0}
    - target: {fileID: 400000, guid: ff3366103894bec429eeaa9b86b595e6, type: 3}
      propertyPath: m_LocalPosition.y
      value: 0
      objectReference: {fileID: 0}
    - target: {fileID: 400000, guid: ff3366103894bec429eeaa9b86b595e6, type: 3}
      propertyPath: m_LocalPosition.z
      value: -15
      objectReference: {fileID: 0}
    - target: {fileID: 400000, guid: ff3366103894bec429eeaa9b86b595e6, type: 3}
      propertyPath: m_LocalRotation.x
      value: 0
      objectReference: {fileID: 0}
    - target: {fileID: 400000, guid: ff3366103894bec429eeaa9b86b595e6, type: 3}
      propertyPath: m_LocalRotation.y
      value: 0
      objectReference: {fileID: 0}
    - target: {fileID: 400000, guid: ff3366103894bec429eeaa9b86b595e6, type: 3}
      propertyPath: m_LocalRotation.z
      value: 0
      objectReference: {fileID: 0}
    - target: {fileID: 400000, guid: ff3366103894bec429eeaa9b86b595e6, type: 3}
      propertyPath: m_LocalRotation.w
      value: 1
      objectReference: {fileID: 0}
    - target: {fileID: 400000, guid: ff3366103894bec429eeaa9b86b595e6, type: 3}
      propertyPath: m_RootOrder
      value: 3
      objectReference: {fileID: 0}
    - target: {fileID: 2300008, guid: ff3366103894bec429eeaa9b86b595e6, type: 3}
      propertyPath: m_Materials.Array.data[0]
      value: 
      objectReference: {fileID: 2100000, guid: 61bcea22404bda2469670dd9255037db, type: 2}
    - target: {fileID: 2300006, guid: ff3366103894bec429eeaa9b86b595e6, type: 3}
      propertyPath: m_Materials.Array.data[0]
      value: 
      objectReference: {fileID: 2100000, guid: 61bcea22404bda2469670dd9255037db, type: 2}
    - target: {fileID: 2300004, guid: ff3366103894bec429eeaa9b86b595e6, type: 3}
      propertyPath: m_Materials.Array.data[0]
      value: 
      objectReference: {fileID: 2100000, guid: 61bcea22404bda2469670dd9255037db, type: 2}
    - target: {fileID: 2300002, guid: ff3366103894bec429eeaa9b86b595e6, type: 3}
      propertyPath: m_Materials.Array.data[0]
      value: 
      objectReference: {fileID: 2100000, guid: 61bcea22404bda2469670dd9255037db, type: 2}
    - target: {fileID: 2300000, guid: ff3366103894bec429eeaa9b86b595e6, type: 3}
      propertyPath: m_Materials.Array.data[0]
      value: 
      objectReference: {fileID: 2100000, guid: 61bcea22404bda2469670dd9255037db, type: 2}
    m_RemovedComponents: []
  m_SourcePrefab: {fileID: 100100000, guid: ff3366103894bec429eeaa9b86b595e6, type: 3}
--- !u!4 &1297412145 stripped
Transform:
  m_CorrespondingSourceObject: {fileID: 400000, guid: ff3366103894bec429eeaa9b86b595e6,
    type: 3}
  m_PrefabInstance: {fileID: 1297412144}
  m_PrefabAsset: {fileID: 0}
--- !u!1 &1310444560
GameObject:
  m_ObjectHideFlags: 0
  m_CorrespondingSourceObject: {fileID: 0}
  m_PrefabInstance: {fileID: 0}
  m_PrefabAsset: {fileID: 0}
  serializedVersion: 6
  m_Component:
  - component: {fileID: 1310444561}
  m_Layer: 0
  m_Name: GeometryStatic
  m_TagString: ground
  m_Icon: {fileID: 0}
  m_NavMeshLayer: 0
  m_StaticEditorFlags: 4294967294
  m_IsActive: 1
--- !u!4 &1310444561
Transform:
  m_ObjectHideFlags: 0
  m_CorrespondingSourceObject: {fileID: 0}
  m_PrefabInstance: {fileID: 0}
  m_PrefabAsset: {fileID: 0}
  m_GameObject: {fileID: 1310444560}
  m_LocalRotation: {x: 0, y: 0, z: 0, w: 1}
  m_LocalPosition: {x: 50, y: 0, z: 5}
  m_LocalScale: {x: 1, y: 1, z: 1}
  m_Children:
  - {fileID: 2147008968}
  - {fileID: 581821180}
  - {fileID: 852191463}
  - {fileID: 473551829}
  - {fileID: 1399402023}
  - {fileID: 1916073223}
  - {fileID: 1396319783}
  - {fileID: 1966875180}
  - {fileID: 789697495}
  - {fileID: 959626134}
  - {fileID: 66370193}
  - {fileID: 1574584348}
  - {fileID: 2134215671}
  m_Father: {fileID: 0}
  m_RootOrder: 3
  m_LocalEulerAnglesHint: {x: 0, y: 0, z: 0}
--- !u!1 &1381464231
GameObject:
  m_ObjectHideFlags: 0
  m_CorrespondingSourceObject: {fileID: 0}
  m_PrefabInstance: {fileID: 0}
  m_PrefabAsset: {fileID: 0}
  serializedVersion: 6
  m_Component:
  - component: {fileID: 1381464232}
  - component: {fileID: 1381464234}
  - component: {fileID: 1381464233}
  m_Layer: 5
  m_Name: Text
  m_TagString: Untagged
  m_Icon: {fileID: 0}
  m_NavMeshLayer: 0
  m_StaticEditorFlags: 0
  m_IsActive: 1
--- !u!224 &1381464232
RectTransform:
  m_ObjectHideFlags: 0
  m_CorrespondingSourceObject: {fileID: 0}
  m_PrefabInstance: {fileID: 0}
  m_PrefabAsset: {fileID: 0}
  m_GameObject: {fileID: 1381464231}
  m_LocalRotation: {x: 0, y: 0, z: 0, w: 1}
  m_LocalPosition: {x: 0, y: 0, z: 0}
  m_LocalScale: {x: 1, y: 1, z: 1}
  m_Children: []
  m_Father: {fileID: 1223840957}
  m_RootOrder: 0
  m_LocalEulerAnglesHint: {x: 0, y: 0, z: 0}
  m_AnchorMin: {x: 1, y: 1}
  m_AnchorMax: {x: 1, y: 1}
  m_AnchoredPosition: {x: -80, y: -15}
  m_SizeDelta: {x: 160, y: 30}
  m_Pivot: {x: 0.5, y: 0.5}
--- !u!114 &1381464233
MonoBehaviour:
  m_ObjectHideFlags: 0
  m_CorrespondingSourceObject: {fileID: 0}
  m_PrefabInstance: {fileID: 0}
  m_PrefabAsset: {fileID: 0}
  m_GameObject: {fileID: 1381464231}
  m_Enabled: 1
  m_EditorHideFlags: 0
  m_Script: {fileID: 708705254, guid: f70555f144d8491a825f0804e09c671c, type: 3}
  m_Name: 
  m_EditorClassIdentifier: 
  m_Material: {fileID: 0}
  m_Color: {r: 0.19607843, g: 0.19607843, b: 0.19607843, a: 1}
  m_RaycastTarget: 1
  m_OnCullStateChanged:
    m_PersistentCalls:
      m_Calls: []
  m_FontData:
    m_Font: {fileID: 10102, guid: 0000000000000000e000000000000000, type: 0}
    m_FontSize: 14
    m_FontStyle: 0
    m_BestFit: 0
    m_MinSize: 10
    m_MaxSize: 40
    m_Alignment: 4
    m_AlignByGeometry: 0
    m_RichText: 1
    m_HorizontalOverflow: 0
    m_VerticalOverflow: 0
    m_LineSpacing: 1
  m_Text: Restart
--- !u!222 &1381464234
CanvasRenderer:
  m_ObjectHideFlags: 0
  m_CorrespondingSourceObject: {fileID: 0}
  m_PrefabInstance: {fileID: 0}
  m_PrefabAsset: {fileID: 0}
  m_GameObject: {fileID: 1381464231}
  m_CullTransparentMesh: 0
--- !u!1001 &1396319782
PrefabInstance:
  m_ObjectHideFlags: 0
  serializedVersion: 2
  m_Modification:
    m_TransformParent: {fileID: 1310444561}
    m_Modifications:
    - target: {fileID: 100000, guid: b87e14348acae3449a86167ae5521ac4, type: 3}
      propertyPath: m_StaticEditorFlags
      value: 4294967294
      objectReference: {fileID: 0}
    - target: {fileID: 400000, guid: b87e14348acae3449a86167ae5521ac4, type: 3}
      propertyPath: m_LocalPosition.x
      value: 33
      objectReference: {fileID: 0}
    - target: {fileID: 400000, guid: b87e14348acae3449a86167ae5521ac4, type: 3}
      propertyPath: m_LocalPosition.y
      value: 0
      objectReference: {fileID: 0}
    - target: {fileID: 400000, guid: b87e14348acae3449a86167ae5521ac4, type: 3}
      propertyPath: m_LocalPosition.z
      value: -76
      objectReference: {fileID: 0}
    - target: {fileID: 400000, guid: b87e14348acae3449a86167ae5521ac4, type: 3}
      propertyPath: m_LocalRotation.x
      value: 0
      objectReference: {fileID: 0}
    - target: {fileID: 400000, guid: b87e14348acae3449a86167ae5521ac4, type: 3}
      propertyPath: m_LocalRotation.y
      value: 0.7071068
      objectReference: {fileID: 0}
    - target: {fileID: 400000, guid: b87e14348acae3449a86167ae5521ac4, type: 3}
      propertyPath: m_LocalRotation.z
      value: 0
      objectReference: {fileID: 0}
    - target: {fileID: 400000, guid: b87e14348acae3449a86167ae5521ac4, type: 3}
      propertyPath: m_LocalRotation.w
      value: 0.7071067
      objectReference: {fileID: 0}
    - target: {fileID: 400000, guid: b87e14348acae3449a86167ae5521ac4, type: 3}
      propertyPath: m_RootOrder
      value: 6
      objectReference: {fileID: 0}
    - target: {fileID: 2300000, guid: b87e14348acae3449a86167ae5521ac4, type: 3}
      propertyPath: m_CastShadows
      value: 1
      objectReference: {fileID: 0}
    m_RemovedComponents: []
  m_SourcePrefab: {fileID: 100100000, guid: b87e14348acae3449a86167ae5521ac4, type: 3}
--- !u!4 &1396319783 stripped
Transform:
  m_CorrespondingSourceObject: {fileID: 400000, guid: b87e14348acae3449a86167ae5521ac4,
    type: 3}
  m_PrefabInstance: {fileID: 1396319782}
  m_PrefabAsset: {fileID: 0}
--- !u!1001 &1399402022
PrefabInstance:
  m_ObjectHideFlags: 0
  serializedVersion: 2
  m_Modification:
    m_TransformParent: {fileID: 1310444561}
    m_Modifications:
    - target: {fileID: 100004, guid: c35d6bf90f6954140bdbb6cd51b608ac, type: 3}
      propertyPath: m_StaticEditorFlags
      value: 4294967294
      objectReference: {fileID: 0}
    - target: {fileID: 400004, guid: c35d6bf90f6954140bdbb6cd51b608ac, type: 3}
      propertyPath: m_LocalPosition.x
      value: 74
      objectReference: {fileID: 0}
    - target: {fileID: 400004, guid: c35d6bf90f6954140bdbb6cd51b608ac, type: 3}
      propertyPath: m_LocalPosition.y
      value: 0
      objectReference: {fileID: 0}
    - target: {fileID: 400004, guid: c35d6bf90f6954140bdbb6cd51b608ac, type: 3}
      propertyPath: m_LocalPosition.z
      value: 154
      objectReference: {fileID: 0}
    - target: {fileID: 400004, guid: c35d6bf90f6954140bdbb6cd51b608ac, type: 3}
      propertyPath: m_LocalRotation.x
      value: 0
      objectReference: {fileID: 0}
    - target: {fileID: 400004, guid: c35d6bf90f6954140bdbb6cd51b608ac, type: 3}
      propertyPath: m_LocalRotation.y
      value: 0
      objectReference: {fileID: 0}
    - target: {fileID: 400004, guid: c35d6bf90f6954140bdbb6cd51b608ac, type: 3}
      propertyPath: m_LocalRotation.z
      value: 0
      objectReference: {fileID: 0}
    - target: {fileID: 400004, guid: c35d6bf90f6954140bdbb6cd51b608ac, type: 3}
      propertyPath: m_LocalRotation.w
      value: 1
      objectReference: {fileID: 0}
    - target: {fileID: 400004, guid: c35d6bf90f6954140bdbb6cd51b608ac, type: 3}
      propertyPath: m_RootOrder
      value: 4
      objectReference: {fileID: 0}
    - target: {fileID: 2300002, guid: c35d6bf90f6954140bdbb6cd51b608ac, type: 3}
      propertyPath: m_CastShadows
      value: 1
      objectReference: {fileID: 0}
    m_RemovedComponents: []
  m_SourcePrefab: {fileID: 100100000, guid: c35d6bf90f6954140bdbb6cd51b608ac, type: 3}
--- !u!4 &1399402023 stripped
Transform:
  m_CorrespondingSourceObject: {fileID: 400004, guid: c35d6bf90f6954140bdbb6cd51b608ac,
    type: 3}
  m_PrefabInstance: {fileID: 1399402022}
  m_PrefabAsset: {fileID: 0}
--- !u!1001 &1436983321
PrefabInstance:
  m_ObjectHideFlags: 0
  serializedVersion: 2
  m_Modification:
    m_TransformParent: {fileID: 1310444561}
    m_Modifications:
    - target: {fileID: 400006, guid: f7afdcb1eabdee54790f55f84e3e4ac8, type: 3}
      propertyPath: m_LocalPosition.x
      value: -50
      objectReference: {fileID: 0}
    - target: {fileID: 400006, guid: f7afdcb1eabdee54790f55f84e3e4ac8, type: 3}
      propertyPath: m_LocalPosition.y
      value: 0
      objectReference: {fileID: 0}
    - target: {fileID: 400006, guid: f7afdcb1eabdee54790f55f84e3e4ac8, type: 3}
      propertyPath: m_LocalPosition.z
      value: -5
      objectReference: {fileID: 0}
    - target: {fileID: 400006, guid: f7afdcb1eabdee54790f55f84e3e4ac8, type: 3}
      propertyPath: m_LocalRotation.x
      value: 0
      objectReference: {fileID: 0}
    - target: {fileID: 400006, guid: f7afdcb1eabdee54790f55f84e3e4ac8, type: 3}
      propertyPath: m_LocalRotation.y
      value: 0
      objectReference: {fileID: 0}
    - target: {fileID: 400006, guid: f7afdcb1eabdee54790f55f84e3e4ac8, type: 3}
      propertyPath: m_LocalRotation.z
      value: 0
      objectReference: {fileID: 0}
    - target: {fileID: 400006, guid: f7afdcb1eabdee54790f55f84e3e4ac8, type: 3}
      propertyPath: m_LocalRotation.w
      value: 1
      objectReference: {fileID: 0}
    - target: {fileID: 400006, guid: f7afdcb1eabdee54790f55f84e3e4ac8, type: 3}
      propertyPath: m_RootOrder
      value: 12
      objectReference: {fileID: 0}
    - target: {fileID: 100002, guid: f7afdcb1eabdee54790f55f84e3e4ac8, type: 3}
      propertyPath: m_TagString
      value: ground
      objectReference: {fileID: 0}
    - target: {fileID: 100004, guid: f7afdcb1eabdee54790f55f84e3e4ac8, type: 3}
      propertyPath: m_TagString
      value: ground
      objectReference: {fileID: 0}
    m_RemovedComponents: []
  m_SourcePrefab: {fileID: 100100000, guid: f7afdcb1eabdee54790f55f84e3e4ac8, type: 3}
--- !u!1 &1549095120 stripped
GameObject:
  m_CorrespondingSourceObject: {fileID: 100000, guid: 18dd8d7cbc4bc6a49ba9d26e2994c5bf,
    type: 3}
  m_PrefabInstance: {fileID: 581821179}
  m_PrefabAsset: {fileID: 0}
--- !u!64 &1549095121
MeshCollider:
  m_ObjectHideFlags: 0
  m_CorrespondingSourceObject: {fileID: 0}
  m_PrefabInstance: {fileID: 0}
  m_PrefabAsset: {fileID: 0}
  m_GameObject: {fileID: 1549095120}
  m_Material: {fileID: 0}
  m_IsTrigger: 0
  m_Enabled: 1
  serializedVersion: 3
  m_Convex: 0
  m_CookingOptions: 14
  m_Mesh: {fileID: 4300000, guid: 18dd8d7cbc4bc6a49ba9d26e2994c5bf, type: 3}
--- !u!1001 &1574584347
PrefabInstance:
  m_ObjectHideFlags: 0
  serializedVersion: 2
  m_Modification:
    m_TransformParent: {fileID: 1310444561}
    m_Modifications:
    - target: {fileID: 100000, guid: e5a593bc7144a6c45b7a3d4543355ec4, type: 3}
      propertyPath: m_StaticEditorFlags
      value: 4294967294
      objectReference: {fileID: 0}
    - target: {fileID: 400000, guid: e5a593bc7144a6c45b7a3d4543355ec4, type: 3}
      propertyPath: m_LocalPosition.x
      value: -22
      objectReference: {fileID: 0}
    - target: {fileID: 400000, guid: e5a593bc7144a6c45b7a3d4543355ec4, type: 3}
      propertyPath: m_LocalPosition.y
      value: 0
      objectReference: {fileID: 0}
    - target: {fileID: 400000, guid: e5a593bc7144a6c45b7a3d4543355ec4, type: 3}
      propertyPath: m_LocalPosition.z
      value: -54
      objectReference: {fileID: 0}
    - target: {fileID: 400000, guid: e5a593bc7144a6c45b7a3d4543355ec4, type: 3}
      propertyPath: m_LocalRotation.x
      value: 0
      objectReference: {fileID: 0}
    - target: {fileID: 400000, guid: e5a593bc7144a6c45b7a3d4543355ec4, type: 3}
      propertyPath: m_LocalRotation.y
      value: 1
      objectReference: {fileID: 0}
    - target: {fileID: 400000, guid: e5a593bc7144a6c45b7a3d4543355ec4, type: 3}
      propertyPath: m_LocalRotation.z
      value: 0
      objectReference: {fileID: 0}
    - target: {fileID: 400000, guid: e5a593bc7144a6c45b7a3d4543355ec4, type: 3}
      propertyPath: m_LocalRotation.w
      value: -0.00000016292068
      objectReference: {fileID: 0}
    - target: {fileID: 400000, guid: e5a593bc7144a6c45b7a3d4543355ec4, type: 3}
      propertyPath: m_RootOrder
      value: 11
      objectReference: {fileID: 0}
    - target: {fileID: 2300000, guid: e5a593bc7144a6c45b7a3d4543355ec4, type: 3}
      propertyPath: m_CastShadows
      value: 1
      objectReference: {fileID: 0}
    m_RemovedComponents: []
  m_SourcePrefab: {fileID: 100100000, guid: e5a593bc7144a6c45b7a3d4543355ec4, type: 3}
--- !u!4 &1574584348 stripped
Transform:
  m_CorrespondingSourceObject: {fileID: 400000, guid: e5a593bc7144a6c45b7a3d4543355ec4,
    type: 3}
  m_PrefabInstance: {fileID: 1574584347}
  m_PrefabAsset: {fileID: 0}
--- !u!1001 &1600561558
PrefabInstance:
  m_ObjectHideFlags: 0
  serializedVersion: 2
  m_Modification:
    m_TransformParent: {fileID: 1937362307}
    m_Modifications:
    - target: {fileID: 400022, guid: b592d2faa93e6ad46a6d520adf8f123e, type: 3}
      propertyPath: m_LocalPosition.x
      value: 45.74
      objectReference: {fileID: 0}
    - target: {fileID: 400022, guid: b592d2faa93e6ad46a6d520adf8f123e, type: 3}
      propertyPath: m_LocalPosition.y
      value: 0
      objectReference: {fileID: 0}
    - target: {fileID: 400022, guid: b592d2faa93e6ad46a6d520adf8f123e, type: 3}
      propertyPath: m_LocalPosition.z
      value: -20.96
      objectReference: {fileID: 0}
    - target: {fileID: 400022, guid: b592d2faa93e6ad46a6d520adf8f123e, type: 3}
      propertyPath: m_LocalRotation.x
      value: 0
      objectReference: {fileID: 0}
    - target: {fileID: 400022, guid: b592d2faa93e6ad46a6d520adf8f123e, type: 3}
      propertyPath: m_LocalRotation.y
      value: 0.13052621
      objectReference: {fileID: 0}
    - target: {fileID: 400022, guid: b592d2faa93e6ad46a6d520adf8f123e, type: 3}
      propertyPath: m_LocalRotation.z
      value: 0
      objectReference: {fileID: 0}
    - target: {fileID: 400022, guid: b592d2faa93e6ad46a6d520adf8f123e, type: 3}
      propertyPath: m_LocalRotation.w
      value: 0.9914449
      objectReference: {fileID: 0}
    - target: {fileID: 400022, guid: b592d2faa93e6ad46a6d520adf8f123e, type: 3}
      propertyPath: m_RootOrder
      value: 8
      objectReference: {fileID: 0}
    m_RemovedComponents: []
  m_SourcePrefab: {fileID: 100100000, guid: b592d2faa93e6ad46a6d520adf8f123e, type: 3}
--- !u!1001 &1641004331
PrefabInstance:
  m_ObjectHideFlags: 0
  serializedVersion: 2
  m_Modification:
    m_TransformParent: {fileID: 1937362307}
    m_Modifications:
    - target: {fileID: 400022, guid: b592d2faa93e6ad46a6d520adf8f123e, type: 3}
      propertyPath: m_LocalPosition.x
      value: 74
      objectReference: {fileID: 0}
    - target: {fileID: 400022, guid: b592d2faa93e6ad46a6d520adf8f123e, type: 3}
      propertyPath: m_LocalPosition.y
      value: 4
      objectReference: {fileID: 0}
    - target: {fileID: 400022, guid: b592d2faa93e6ad46a6d520adf8f123e, type: 3}
      propertyPath: m_LocalPosition.z
      value: 154
      objectReference: {fileID: 0}
    - target: {fileID: 400022, guid: b592d2faa93e6ad46a6d520adf8f123e, type: 3}
      propertyPath: m_LocalRotation.x
      value: 0
      objectReference: {fileID: 0}
    - target: {fileID: 400022, guid: b592d2faa93e6ad46a6d520adf8f123e, type: 3}
      propertyPath: m_LocalRotation.y
      value: 0
      objectReference: {fileID: 0}
    - target: {fileID: 400022, guid: b592d2faa93e6ad46a6d520adf8f123e, type: 3}
      propertyPath: m_LocalRotation.z
      value: 0
      objectReference: {fileID: 0}
    - target: {fileID: 400022, guid: b592d2faa93e6ad46a6d520adf8f123e, type: 3}
      propertyPath: m_LocalRotation.w
      value: 1
      objectReference: {fileID: 0}
    - target: {fileID: 400022, guid: b592d2faa93e6ad46a6d520adf8f123e, type: 3}
      propertyPath: m_RootOrder
      value: 6
      objectReference: {fileID: 0}
    m_RemovedComponents: []
  m_SourcePrefab: {fileID: 100100000, guid: b592d2faa93e6ad46a6d520adf8f123e, type: 3}
--- !u!4 &1641004332 stripped
Transform:
  m_CorrespondingSourceObject: {fileID: 400022, guid: b592d2faa93e6ad46a6d520adf8f123e,
    type: 3}
  m_PrefabInstance: {fileID: 1641004331}
  m_PrefabAsset: {fileID: 0}
--- !u!1001 &1672082386
PrefabInstance:
  m_ObjectHideFlags: 0
  serializedVersion: 2
  m_Modification:
    m_TransformParent: {fileID: 1937362307}
    m_Modifications:
    - target: {fileID: 400000, guid: ff3366103894bec429eeaa9b86b595e6, type: 3}
      propertyPath: m_LocalPosition.x
      value: 58
      objectReference: {fileID: 0}
    - target: {fileID: 400000, guid: ff3366103894bec429eeaa9b86b595e6, type: 3}
      propertyPath: m_LocalPosition.y
      value: 0
      objectReference: {fileID: 0}
    - target: {fileID: 400000, guid: ff3366103894bec429eeaa9b86b595e6, type: 3}
      propertyPath: m_LocalPosition.z
      value: 187
      objectReference: {fileID: 0}
    - target: {fileID: 400000, guid: ff3366103894bec429eeaa9b86b595e6, type: 3}
      propertyPath: m_LocalRotation.x
      value: 0
      objectReference: {fileID: 0}
    - target: {fileID: 400000, guid: ff3366103894bec429eeaa9b86b595e6, type: 3}
      propertyPath: m_LocalRotation.y
      value: 0.000000007779956
      objectReference: {fileID: 0}
    - target: {fileID: 400000, guid: ff3366103894bec429eeaa9b86b595e6, type: 3}
      propertyPath: m_LocalRotation.z
      value: 0
      objectReference: {fileID: 0}
    - target: {fileID: 400000, guid: ff3366103894bec429eeaa9b86b595e6, type: 3}
      propertyPath: m_LocalRotation.w
      value: 1
      objectReference: {fileID: 0}
    - target: {fileID: 400000, guid: ff3366103894bec429eeaa9b86b595e6, type: 3}
      propertyPath: m_RootOrder
      value: 1
      objectReference: {fileID: 0}
    m_RemovedComponents: []
  m_SourcePrefab: {fileID: 100100000, guid: ff3366103894bec429eeaa9b86b595e6, type: 3}
--- !u!4 &1672082387 stripped
Transform:
  m_CorrespondingSourceObject: {fileID: 400000, guid: ff3366103894bec429eeaa9b86b595e6,
    type: 3}
  m_PrefabInstance: {fileID: 1672082386}
  m_PrefabAsset: {fileID: 0}
--- !u!1001 &1910438048
PrefabInstance:
  m_ObjectHideFlags: 0
  serializedVersion: 2
  m_Modification:
    m_TransformParent: {fileID: 1937362307}
    m_Modifications:
    - target: {fileID: 100000, guid: ff3366103894bec429eeaa9b86b595e6, type: 3}
      propertyPath: m_StaticEditorFlags
      value: 0
      objectReference: {fileID: 0}
    - target: {fileID: 100000, guid: ff3366103894bec429eeaa9b86b595e6, type: 3}
      propertyPath: m_IsActive
      value: 1
      objectReference: {fileID: 0}
    - target: {fileID: 100000, guid: ff3366103894bec429eeaa9b86b595e6, type: 3}
      propertyPath: m_Name
      value: BoxPile
      objectReference: {fileID: 0}
    - target: {fileID: 400000, guid: ff3366103894bec429eeaa9b86b595e6, type: 3}
      propertyPath: m_LocalPosition.x
      value: 86
      objectReference: {fileID: 0}
    - target: {fileID: 400000, guid: ff3366103894bec429eeaa9b86b595e6, type: 3}
      propertyPath: m_LocalPosition.y
      value: 0
      objectReference: {fileID: 0}
    - target: {fileID: 400000, guid: ff3366103894bec429eeaa9b86b595e6, type: 3}
      propertyPath: m_LocalPosition.z
      value: -82
      objectReference: {fileID: 0}
    - target: {fileID: 400000, guid: ff3366103894bec429eeaa9b86b595e6, type: 3}
      propertyPath: m_LocalRotation.x
      value: 0
      objectReference: {fileID: 0}
    - target: {fileID: 400000, guid: ff3366103894bec429eeaa9b86b595e6, type: 3}
      propertyPath: m_LocalRotation.y
      value: 0
      objectReference: {fileID: 0}
    - target: {fileID: 400000, guid: ff3366103894bec429eeaa9b86b595e6, type: 3}
      propertyPath: m_LocalRotation.z
      value: 0
      objectReference: {fileID: 0}
    - target: {fileID: 400000, guid: ff3366103894bec429eeaa9b86b595e6, type: 3}
      propertyPath: m_LocalRotation.w
      value: 1
      objectReference: {fileID: 0}
    - target: {fileID: 400000, guid: ff3366103894bec429eeaa9b86b595e6, type: 3}
      propertyPath: m_RootOrder
      value: 5
      objectReference: {fileID: 0}
    - target: {fileID: 2300008, guid: ff3366103894bec429eeaa9b86b595e6, type: 3}
      propertyPath: m_CastShadows
      value: 1
      objectReference: {fileID: 0}
    - target: {fileID: 2300008, guid: ff3366103894bec429eeaa9b86b595e6, type: 3}
      propertyPath: m_Materials.Array.data[0]
      value: 
      objectReference: {fileID: 2100000, guid: 61bcea22404bda2469670dd9255037db, type: 2}
    - target: {fileID: 2300006, guid: ff3366103894bec429eeaa9b86b595e6, type: 3}
      propertyPath: m_CastShadows
      value: 1
      objectReference: {fileID: 0}
    - target: {fileID: 2300006, guid: ff3366103894bec429eeaa9b86b595e6, type: 3}
      propertyPath: m_Materials.Array.data[0]
      value: 
      objectReference: {fileID: 2100000, guid: 61bcea22404bda2469670dd9255037db, type: 2}
    - target: {fileID: 2300004, guid: ff3366103894bec429eeaa9b86b595e6, type: 3}
      propertyPath: m_CastShadows
      value: 1
      objectReference: {fileID: 0}
    - target: {fileID: 2300004, guid: ff3366103894bec429eeaa9b86b595e6, type: 3}
      propertyPath: m_Materials.Array.data[0]
      value: 
      objectReference: {fileID: 2100000, guid: 61bcea22404bda2469670dd9255037db, type: 2}
    - target: {fileID: 2300002, guid: ff3366103894bec429eeaa9b86b595e6, type: 3}
      propertyPath: m_CastShadows
      value: 1
      objectReference: {fileID: 0}
    - target: {fileID: 2300002, guid: ff3366103894bec429eeaa9b86b595e6, type: 3}
      propertyPath: m_Materials.Array.data[0]
      value: 
      objectReference: {fileID: 2100000, guid: 61bcea22404bda2469670dd9255037db, type: 2}
    - target: {fileID: 2300000, guid: ff3366103894bec429eeaa9b86b595e6, type: 3}
      propertyPath: m_CastShadows
      value: 1
      objectReference: {fileID: 0}
    - target: {fileID: 2300000, guid: ff3366103894bec429eeaa9b86b595e6, type: 3}
      propertyPath: m_Materials.Array.data[0]
      value: 
      objectReference: {fileID: 2100000, guid: 61bcea22404bda2469670dd9255037db, type: 2}
    - target: {fileID: 100004, guid: ff3366103894bec429eeaa9b86b595e6, type: 3}
      propertyPath: m_StaticEditorFlags
      value: 0
      objectReference: {fileID: 0}
    - target: {fileID: 100002, guid: ff3366103894bec429eeaa9b86b595e6, type: 3}
      propertyPath: m_StaticEditorFlags
      value: 0
      objectReference: {fileID: 0}
    - target: {fileID: 100006, guid: ff3366103894bec429eeaa9b86b595e6, type: 3}
      propertyPath: m_StaticEditorFlags
      value: 0
      objectReference: {fileID: 0}
    - target: {fileID: 100010, guid: ff3366103894bec429eeaa9b86b595e6, type: 3}
      propertyPath: m_StaticEditorFlags
      value: 0
      objectReference: {fileID: 0}
    - target: {fileID: 100008, guid: ff3366103894bec429eeaa9b86b595e6, type: 3}
      propertyPath: m_StaticEditorFlags
      value: 0
      objectReference: {fileID: 0}
    m_RemovedComponents: []
  m_SourcePrefab: {fileID: 100100000, guid: ff3366103894bec429eeaa9b86b595e6, type: 3}
--- !u!4 &1910438049 stripped
Transform:
  m_CorrespondingSourceObject: {fileID: 400000, guid: ff3366103894bec429eeaa9b86b595e6,
    type: 3}
  m_PrefabInstance: {fileID: 1910438048}
  m_PrefabAsset: {fileID: 0}
--- !u!1001 &1916073222
PrefabInstance:
  m_ObjectHideFlags: 0
  serializedVersion: 2
  m_Modification:
    m_TransformParent: {fileID: 1310444561}
    m_Modifications:
    - target: {fileID: 100004, guid: c35d6bf90f6954140bdbb6cd51b608ac, type: 3}
      propertyPath: m_StaticEditorFlags
      value: 4294967294
      objectReference: {fileID: 0}
    - target: {fileID: 400004, guid: c35d6bf90f6954140bdbb6cd51b608ac, type: 3}
      propertyPath: m_LocalPosition.x
      value: 143
      objectReference: {fileID: 0}
    - target: {fileID: 400004, guid: c35d6bf90f6954140bdbb6cd51b608ac, type: 3}
      propertyPath: m_LocalPosition.y
      value: -0
      objectReference: {fileID: 0}
    - target: {fileID: 400004, guid: c35d6bf90f6954140bdbb6cd51b608ac, type: 3}
      propertyPath: m_LocalPosition.z
      value: 148
      objectReference: {fileID: 0}
    - target: {fileID: 400004, guid: c35d6bf90f6954140bdbb6cd51b608ac, type: 3}
      propertyPath: m_LocalRotation.x
      value: 0
      objectReference: {fileID: 0}
    - target: {fileID: 400004, guid: c35d6bf90f6954140bdbb6cd51b608ac, type: 3}
      propertyPath: m_LocalRotation.y
      value: 0.7071068
      objectReference: {fileID: 0}
    - target: {fileID: 400004, guid: c35d6bf90f6954140bdbb6cd51b608ac, type: 3}
      propertyPath: m_LocalRotation.z
      value: 0
      objectReference: {fileID: 0}
    - target: {fileID: 400004, guid: c35d6bf90f6954140bdbb6cd51b608ac, type: 3}
      propertyPath: m_LocalRotation.w
      value: 0.7071067
      objectReference: {fileID: 0}
    - target: {fileID: 400004, guid: c35d6bf90f6954140bdbb6cd51b608ac, type: 3}
      propertyPath: m_RootOrder
      value: 5
      objectReference: {fileID: 0}
    - target: {fileID: 2300002, guid: c35d6bf90f6954140bdbb6cd51b608ac, type: 3}
      propertyPath: m_CastShadows
      value: 1
      objectReference: {fileID: 0}
    m_RemovedComponents: []
  m_SourcePrefab: {fileID: 100100000, guid: c35d6bf90f6954140bdbb6cd51b608ac, type: 3}
--- !u!4 &1916073223 stripped
Transform:
  m_CorrespondingSourceObject: {fileID: 400004, guid: c35d6bf90f6954140bdbb6cd51b608ac,
    type: 3}
  m_PrefabInstance: {fileID: 1916073222}
  m_PrefabAsset: {fileID: 0}
--- !u!1001 &1925968879
PrefabInstance:
  m_ObjectHideFlags: 0
  serializedVersion: 2
  m_Modification:
    m_TransformParent: {fileID: 0}
    m_Modifications:
    - target: {fileID: 100000, guid: 81154777d5417884981849c5243f6c01, type: 3}
      propertyPath: m_Name
      value: FramerateCounter
      objectReference: {fileID: 0}
    - target: {fileID: 22409990, guid: 81154777d5417884981849c5243f6c01, type: 3}
      propertyPath: m_LocalPosition.x
      value: 0
      objectReference: {fileID: 0}
    - target: {fileID: 22409990, guid: 81154777d5417884981849c5243f6c01, type: 3}
      propertyPath: m_LocalPosition.y
      value: 0
      objectReference: {fileID: 0}
    - target: {fileID: 22409990, guid: 81154777d5417884981849c5243f6c01, type: 3}
      propertyPath: m_LocalPosition.z
      value: 0
      objectReference: {fileID: 0}
    - target: {fileID: 22409990, guid: 81154777d5417884981849c5243f6c01, type: 3}
      propertyPath: m_LocalRotation.x
      value: 0
      objectReference: {fileID: 0}
    - target: {fileID: 22409990, guid: 81154777d5417884981849c5243f6c01, type: 3}
      propertyPath: m_LocalRotation.y
      value: 0
      objectReference: {fileID: 0}
    - target: {fileID: 22409990, guid: 81154777d5417884981849c5243f6c01, type: 3}
      propertyPath: m_LocalRotation.z
      value: 0
      objectReference: {fileID: 0}
    - target: {fileID: 22409990, guid: 81154777d5417884981849c5243f6c01, type: 3}
      propertyPath: m_LocalRotation.w
      value: 1
      objectReference: {fileID: 0}
    - target: {fileID: 22409990, guid: 81154777d5417884981849c5243f6c01, type: 3}
      propertyPath: m_RootOrder
      value: 1
      objectReference: {fileID: 0}
    - target: {fileID: 22409990, guid: 81154777d5417884981849c5243f6c01, type: 3}
      propertyPath: m_LocalEulerAnglesHint.x
      value: 0
      objectReference: {fileID: 0}
    - target: {fileID: 22409990, guid: 81154777d5417884981849c5243f6c01, type: 3}
      propertyPath: m_LocalEulerAnglesHint.y
      value: 0
      objectReference: {fileID: 0}
    - target: {fileID: 22409990, guid: 81154777d5417884981849c5243f6c01, type: 3}
      propertyPath: m_LocalEulerAnglesHint.z
      value: 0
      objectReference: {fileID: 0}
    - target: {fileID: 22409990, guid: 81154777d5417884981849c5243f6c01, type: 3}
      propertyPath: m_AnchoredPosition.x
      value: 0
      objectReference: {fileID: 0}
    - target: {fileID: 22409990, guid: 81154777d5417884981849c5243f6c01, type: 3}
      propertyPath: m_AnchoredPosition.y
      value: 0
      objectReference: {fileID: 0}
    - target: {fileID: 22409990, guid: 81154777d5417884981849c5243f6c01, type: 3}
      propertyPath: m_SizeDelta.x
      value: 0
      objectReference: {fileID: 0}
    - target: {fileID: 22409990, guid: 81154777d5417884981849c5243f6c01, type: 3}
      propertyPath: m_SizeDelta.y
      value: 0
      objectReference: {fileID: 0}
    - target: {fileID: 22409990, guid: 81154777d5417884981849c5243f6c01, type: 3}
      propertyPath: m_AnchorMin.x
      value: 0
      objectReference: {fileID: 0}
    - target: {fileID: 22409990, guid: 81154777d5417884981849c5243f6c01, type: 3}
      propertyPath: m_AnchorMin.y
      value: 0
      objectReference: {fileID: 0}
    - target: {fileID: 22409990, guid: 81154777d5417884981849c5243f6c01, type: 3}
      propertyPath: m_AnchorMax.x
      value: 0
      objectReference: {fileID: 0}
    - target: {fileID: 22409990, guid: 81154777d5417884981849c5243f6c01, type: 3}
      propertyPath: m_AnchorMax.y
      value: 0
      objectReference: {fileID: 0}
    - target: {fileID: 22409990, guid: 81154777d5417884981849c5243f6c01, type: 3}
      propertyPath: m_Pivot.x
      value: 0
      objectReference: {fileID: 0}
    - target: {fileID: 22409990, guid: 81154777d5417884981849c5243f6c01, type: 3}
      propertyPath: m_Pivot.y
      value: 0
      objectReference: {fileID: 0}
    - target: {fileID: 11403178, guid: 81154777d5417884981849c5243f6c01, type: 3}
      propertyPath: m_UiScaleMode
      value: 1
      objectReference: {fileID: 0}
    - target: {fileID: 11410038, guid: 81154777d5417884981849c5243f6c01, type: 3}
      propertyPath: m_Color.r
      value: 1
      objectReference: {fileID: 0}
    - target: {fileID: 11410038, guid: 81154777d5417884981849c5243f6c01, type: 3}
      propertyPath: m_Color.g
      value: 1
      objectReference: {fileID: 0}
    - target: {fileID: 11410038, guid: 81154777d5417884981849c5243f6c01, type: 3}
      propertyPath: m_Color.b
      value: 1
      objectReference: {fileID: 0}
    - target: {fileID: 11410038, guid: 81154777d5417884981849c5243f6c01, type: 3}
      propertyPath: m_FontData.m_BestFit
      value: 1
      objectReference: {fileID: 0}
    - target: {fileID: 11410038, guid: 81154777d5417884981849c5243f6c01, type: 3}
      propertyPath: m_FontData.m_FontStyle
      value: 1
      objectReference: {fileID: 0}
    m_RemovedComponents: []
  m_SourcePrefab: {fileID: 100100000, guid: 81154777d5417884981849c5243f6c01, type: 3}
--- !u!1 &1937362306
GameObject:
  m_ObjectHideFlags: 0
  m_CorrespondingSourceObject: {fileID: 0}
  m_PrefabInstance: {fileID: 0}
  m_PrefabAsset: {fileID: 0}
  serializedVersion: 6
  m_Component:
  - component: {fileID: 1937362307}
  m_Layer: 0
  m_Name: GeometryDynamic
  m_TagString: Untagged
  m_Icon: {fileID: 0}
  m_NavMeshLayer: 0
  m_StaticEditorFlags: 0
  m_IsActive: 1
--- !u!4 &1937362307
Transform:
  m_ObjectHideFlags: 0
  m_CorrespondingSourceObject: {fileID: 0}
  m_PrefabInstance: {fileID: 0}
  m_PrefabAsset: {fileID: 0}
  m_GameObject: {fileID: 1937362306}
  m_LocalRotation: {x: 0, y: 0, z: 0, w: 1}
  m_LocalPosition: {x: 50, y: 0, z: 5}
  m_LocalScale: {x: 1, y: 1, z: 1}
  m_Children:
  - {fileID: 734686095}
  - {fileID: 1672082387}
  - {fileID: 1263077890}
  - {fileID: 1297412145}
  - {fileID: 1121020167}
  - {fileID: 1910438049}
  - {fileID: 1641004332}
  - {fileID: 721703608}
  - {fileID: 929565522}
  m_Father: {fileID: 0}
  m_RootOrder: 2
  m_LocalEulerAnglesHint: {x: 0, y: 0, z: 0}
--- !u!1001 &1966875179
PrefabInstance:
  m_ObjectHideFlags: 0
  serializedVersion: 2
  m_Modification:
    m_TransformParent: {fileID: 1310444561}
    m_Modifications:
    - target: {fileID: 100000, guid: b87e14348acae3449a86167ae5521ac4, type: 3}
      propertyPath: m_StaticEditorFlags
      value: 4294967294
      objectReference: {fileID: 0}
    - target: {fileID: 400000, guid: b87e14348acae3449a86167ae5521ac4, type: 3}
      propertyPath: m_LocalPosition.x
      value: 159
      objectReference: {fileID: 0}
    - target: {fileID: 400000, guid: b87e14348acae3449a86167ae5521ac4, type: 3}
      propertyPath: m_LocalPosition.y
      value: 0
      objectReference: {fileID: 0}
    - target: {fileID: 400000, guid: b87e14348acae3449a86167ae5521ac4, type: 3}
      propertyPath: m_LocalPosition.z
      value: -80
      objectReference: {fileID: 0}
    - target: {fileID: 400000, guid: b87e14348acae3449a86167ae5521ac4, type: 3}
      propertyPath: m_LocalRotation.x
      value: 0
      objectReference: {fileID: 0}
    - target: {fileID: 400000, guid: b87e14348acae3449a86167ae5521ac4, type: 3}
      propertyPath: m_LocalRotation.y
      value: 0
      objectReference: {fileID: 0}
    - target: {fileID: 400000, guid: b87e14348acae3449a86167ae5521ac4, type: 3}
      propertyPath: m_LocalRotation.z
      value: 0
      objectReference: {fileID: 0}
    - target: {fileID: 400000, guid: b87e14348acae3449a86167ae5521ac4, type: 3}
      propertyPath: m_LocalRotation.w
      value: 1
      objectReference: {fileID: 0}
    - target: {fileID: 400000, guid: b87e14348acae3449a86167ae5521ac4, type: 3}
      propertyPath: m_RootOrder
      value: 7
      objectReference: {fileID: 0}
    - target: {fileID: 2300000, guid: b87e14348acae3449a86167ae5521ac4, type: 3}
      propertyPath: m_CastShadows
      value: 1
      objectReference: {fileID: 0}
    m_RemovedComponents: []
  m_SourcePrefab: {fileID: 100100000, guid: b87e14348acae3449a86167ae5521ac4, type: 3}
--- !u!4 &1966875180 stripped
Transform:
  m_CorrespondingSourceObject: {fileID: 400000, guid: b87e14348acae3449a86167ae5521ac4,
    type: 3}
  m_PrefabInstance: {fileID: 1966875179}
  m_PrefabAsset: {fileID: 0}
--- !u!1 &2072994723 stripped
GameObject:
  m_CorrespondingSourceObject: {fileID: 100004, guid: c35d6bf90f6954140bdbb6cd51b608ac,
    type: 3}
  m_PrefabInstance: {fileID: 1916073222}
  m_PrefabAsset: {fileID: 0}
--- !u!64 &2072994724
MeshCollider:
  m_ObjectHideFlags: 0
  m_CorrespondingSourceObject: {fileID: 0}
  m_PrefabInstance: {fileID: 0}
  m_PrefabAsset: {fileID: 0}
  m_GameObject: {fileID: 2072994723}
  m_Material: {fileID: 0}
  m_IsTrigger: 0
  m_Enabled: 1
  serializedVersion: 3
  m_Convex: 0
  m_CookingOptions: 14
  m_Mesh: {fileID: 4300000, guid: c35d6bf90f6954140bdbb6cd51b608ac, type: 3}
--- !u!1 &2074889262
GameObject:
  m_ObjectHideFlags: 0
  m_CorrespondingSourceObject: {fileID: 121866, guid: 39bad9409a26955448ed6b7943f53c9a,
    type: 2}
  m_PrefabInstance: {fileID: 0}
  m_PrefabAsset: {fileID: 0}
  serializedVersion: 6
  m_Component:
  - component: {fileID: 2074889264}
  - component: {fileID: 2074889263}
  m_Layer: 0
  m_Name: LightMainDirectional
  m_TagString: Untagged
  m_Icon: {fileID: 0}
  m_NavMeshLayer: 0
  m_StaticEditorFlags: 0
  m_IsActive: 1
--- !u!108 &2074889263
Light:
  m_ObjectHideFlags: 0
  m_CorrespondingSourceObject: {fileID: 10838076, guid: 39bad9409a26955448ed6b7943f53c9a,
    type: 2}
  m_PrefabInstance: {fileID: 0}
  m_PrefabAsset: {fileID: 0}
  m_GameObject: {fileID: 2074889262}
  m_Enabled: 1
  serializedVersion: 8
  m_Type: 1
  m_Color: {r: 1, g: 1, b: 1, a: 1}
  m_Intensity: 0.9
  m_Range: 44.6
  m_SpotAngle: 112
  m_CookieSize: 10
  m_Shadows:
    m_Type: 2
    m_Resolution: -1
    m_CustomResolution: -1
    m_Strength: 0.6
    m_Bias: 0.2
    m_NormalBias: 0.4
    m_NearPlane: 0.2
  m_Cookie: {fileID: 0}
  m_DrawHalo: 0
  m_Flare: {fileID: 0}
  m_RenderMode: 0
  m_CullingMask:
    serializedVersion: 2
    m_Bits: 4294967295
  m_Lightmapping: 4
  m_LightShadowCasterMode: 0
  m_AreaSize: {x: 1, y: 1}
  m_BounceIntensity: 0
  m_ColorTemperature: 6570
  m_UseColorTemperature: 0
  m_ShadowRadius: 0
  m_ShadowAngle: 0
--- !u!4 &2074889264
Transform:
  m_ObjectHideFlags: 0
  m_CorrespondingSourceObject: {fileID: 416410, guid: 39bad9409a26955448ed6b7943f53c9a,
    type: 2}
  m_PrefabInstance: {fileID: 0}
  m_PrefabAsset: {fileID: 0}
  m_GameObject: {fileID: 2074889262}
  m_LocalRotation: {x: 0.28905702, y: 0.2628801, z: -0.08288577, w: 0.9167716}
  m_LocalPosition: {x: 0, y: 10, z: 0}
  m_LocalScale: {x: 1, y: 1, z: 1}
  m_Children: []
  m_Father: {fileID: 0}
  m_RootOrder: 5
  m_LocalEulerAnglesHint: {x: 0, y: 0, z: 0}
--- !u!4 &2134215671 stripped
Transform:
  m_CorrespondingSourceObject: {fileID: 400006, guid: f7afdcb1eabdee54790f55f84e3e4ac8,
    type: 3}
  m_PrefabInstance: {fileID: 1436983321}
  m_PrefabAsset: {fileID: 0}
--- !u!4 &2147008968 stripped
Transform:
  m_CorrespondingSourceObject: {fileID: 400000, guid: 6df3f650b33fa604cb3f5923fa50d053,
    type: 3}
  m_PrefabInstance: {fileID: 248805770}
  m_PrefabAsset: {fileID: 0}
--- !u!1001 &5363214567373030380
PrefabInstance:
  m_ObjectHideFlags: 0
  serializedVersion: 2
  m_Modification:
    m_TransformParent: {fileID: 0}
    m_Modifications:
    - target: {fileID: 5363214566827346117, guid: 1dabb55002c99b587b30d6a3aa15f5d0,
        type: 3}
      propertyPath: m_Name
      value: SecondaryCamera
      objectReference: {fileID: 0}
    - target: {fileID: 5363214566827346117, guid: 1dabb55002c99b587b30d6a3aa15f5d0,
        type: 3}
      propertyPath: m_StaticEditorFlags
      value: 0
      objectReference: {fileID: 0}
    - target: {fileID: 5363214566827346113, guid: 1dabb55002c99b587b30d6a3aa15f5d0,
        type: 3}
      propertyPath: m_LocalPosition.x
      value: -1.3602145
      objectReference: {fileID: 0}
    - target: {fileID: 5363214566827346113, guid: 1dabb55002c99b587b30d6a3aa15f5d0,
        type: 3}
      propertyPath: m_LocalPosition.y
      value: 3.7720158
      objectReference: {fileID: 0}
    - target: {fileID: 5363214566827346113, guid: 1dabb55002c99b587b30d6a3aa15f5d0,
        type: 3}
      propertyPath: m_LocalPosition.z
      value: 2.0617828
      objectReference: {fileID: 0}
    - target: {fileID: 5363214566827346113, guid: 1dabb55002c99b587b30d6a3aa15f5d0,
        type: 3}
      propertyPath: m_LocalRotation.x
      value: -0.0010233095
      objectReference: {fileID: 0}
    - target: {fileID: 5363214566827346113, guid: 1dabb55002c99b587b30d6a3aa15f5d0,
        type: 3}
      propertyPath: m_LocalRotation.y
      value: -0.9824625
      objectReference: {fileID: 0}
    - target: {fileID: 5363214566827346113, guid: 1dabb55002c99b587b30d6a3aa15f5d0,
        type: 3}
      propertyPath: m_LocalRotation.z
      value: 0.18637945
      objectReference: {fileID: 0}
    - target: {fileID: 5363214566827346113, guid: 1dabb55002c99b587b30d6a3aa15f5d0,
        type: 3}
      propertyPath: m_LocalRotation.w
      value: -0.005397763
      objectReference: {fileID: 0}
    - target: {fileID: 5363214566827346113, guid: 1dabb55002c99b587b30d6a3aa15f5d0,
        type: 3}
      propertyPath: m_RootOrder
      value: 4
      objectReference: {fileID: 0}
    - target: {fileID: 5363214566827346113, guid: 1dabb55002c99b587b30d6a3aa15f5d0,
        type: 3}
      propertyPath: m_LocalEulerAnglesHint.x
      value: 12.201
      objectReference: {fileID: 0}
    - target: {fileID: 5363214566827346113, guid: 1dabb55002c99b587b30d6a3aa15f5d0,
        type: 3}
      propertyPath: m_LocalEulerAnglesHint.y
      value: 176.488
      objectReference: {fileID: 0}
    - target: {fileID: 5363214566827346113, guid: 1dabb55002c99b587b30d6a3aa15f5d0,
        type: 3}
      propertyPath: m_LocalEulerAnglesHint.z
      value: 0
      objectReference: {fileID: 0}
    - target: {fileID: 5363214566827346112, guid: 1dabb55002c99b587b30d6a3aa15f5d0,
        type: 3}
      propertyPath: m_Enabled
      value: 1
      objectReference: {fileID: 0}
    - target: {fileID: 5363214566827346118, guid: 1dabb55002c99b587b30d6a3aa15f5d0,
        type: 3}
      propertyPath: target
      value: 
      objectReference: {fileID: 816682567}
    m_RemovedComponents: []
  m_SourcePrefab: {fileID: 100100000, guid: 1dabb55002c99b587b30d6a3aa15f5d0, type: 3}
--- !u!1001 &7607555582883922207
PrefabInstance:
  m_ObjectHideFlags: 0
  serializedVersion: 2
  m_Modification:
    m_TransformParent: {fileID: 0}
    m_Modifications:
    - target: {fileID: 7829923402062726255, guid: 698adc860dbced39b842c95687847f48,
        type: 3}
      propertyPath: m_Name
      value: simpleCar
      objectReference: {fileID: 0}
    - target: {fileID: 7829923402062268661, guid: 698adc860dbced39b842c95687847f48,
        type: 3}
      propertyPath: m_LocalPosition.x
      value: -1.2682322
      objectReference: {fileID: 0}
    - target: {fileID: 7829923402062268661, guid: 698adc860dbced39b842c95687847f48,
        type: 3}
      propertyPath: m_LocalPosition.y
      value: 0.9342397
      objectReference: {fileID: 0}
    - target: {fileID: 7829923402062268661, guid: 698adc860dbced39b842c95687847f48,
        type: 3}
      propertyPath: m_LocalPosition.z
      value: -2.6706636
      objectReference: {fileID: 0}
    - target: {fileID: 7829923402062268661, guid: 698adc860dbced39b842c95687847f48,
        type: 3}
      propertyPath: m_LocalRotation.x
      value: 0
      objectReference: {fileID: 0}
    - target: {fileID: 7829923402062268661, guid: 698adc860dbced39b842c95687847f48,
        type: 3}
      propertyPath: m_LocalRotation.y
      value: 0.7071068
      objectReference: {fileID: 0}
    - target: {fileID: 7829923402062268661, guid: 698adc860dbced39b842c95687847f48,
        type: 3}
      propertyPath: m_LocalRotation.z
      value: 0
      objectReference: {fileID: 0}
    - target: {fileID: 7829923402062268661, guid: 698adc860dbced39b842c95687847f48,
        type: 3}
      propertyPath: m_LocalRotation.w
      value: 0.7071068
      objectReference: {fileID: 0}
    - target: {fileID: 7829923402062268661, guid: 698adc860dbced39b842c95687847f48,
        type: 3}
      propertyPath: m_RootOrder
      value: 0
      objectReference: {fileID: 0}
    - target: {fileID: 7829923402062268661, guid: 698adc860dbced39b842c95687847f48,
        type: 3}
      propertyPath: m_LocalEulerAnglesHint.x
      value: 0
      objectReference: {fileID: 0}
    - target: {fileID: 7829923402062268661, guid: 698adc860dbced39b842c95687847f48,
        type: 3}
      propertyPath: m_LocalEulerAnglesHint.y
      value: 90
      objectReference: {fileID: 0}
    - target: {fileID: 7829923402062268661, guid: 698adc860dbced39b842c95687847f48,
        type: 3}
      propertyPath: m_LocalEulerAnglesHint.z
      value: 0
      objectReference: {fileID: 0}
    - target: {fileID: 816682569, guid: 698adc860dbced39b842c95687847f48, type: 3}
      propertyPath: m_Constraints
      value: 0
      objectReference: {fileID: 0}
    - target: {fileID: 816682569, guid: 698adc860dbced39b842c95687847f48, type: 3}
      propertyPath: m_Mass
      value: 1500
      objectReference: {fileID: 0}
    - target: {fileID: 816682573, guid: 698adc860dbced39b842c95687847f48, type: 3}
      propertyPath: m_Material
      value: 
      objectReference: {fileID: 13400000, guid: 01571ba68fb2dad46aa03094ab219579,
        type: 2}
    - target: {fileID: 816682573, guid: 698adc860dbced39b842c95687847f48, type: 3}
      propertyPath: m_Size.x
      value: 0.04549896
      objectReference: {fileID: 0}
    - target: {fileID: 816682573, guid: 698adc860dbced39b842c95687847f48, type: 3}
      propertyPath: m_Size.y
      value: 0.0072576418
      objectReference: {fileID: 0}
    - target: {fileID: 816682573, guid: 698adc860dbced39b842c95687847f48, type: 3}
      propertyPath: m_Center.x
      value: -0.00010308027
      objectReference: {fileID: 0}
    - target: {fileID: 816682573, guid: 698adc860dbced39b842c95687847f48, type: 3}
      propertyPath: m_Center.y
      value: -0.0014450434
      objectReference: {fileID: 0}
    - target: {fileID: 816682573, guid: 698adc860dbced39b842c95687847f48, type: 3}
      propertyPath: m_Center.z
      value: 1.1786192e-18
      objectReference: {fileID: 0}
    - target: {fileID: 816682573, guid: 698adc860dbced39b842c95687847f48, type: 3}
      propertyPath: m_Enabled
      value: 1
      objectReference: {fileID: 0}
    - target: {fileID: 816682568, guid: 698adc860dbced39b842c95687847f48, type: 3}
      propertyPath: dead
      value: 
      objectReference: {fileID: 100002, guid: fae5d333f43a55744ab0c44fecefdcae, type: 3}
    - target: {fileID: 816682568, guid: 698adc860dbced39b842c95687847f48, type: 3}
      propertyPath: maxForce
      value: 50000
      objectReference: {fileID: 0}
    - target: {fileID: 816682568, guid: 698adc860dbced39b842c95687847f48, type: 3}
      propertyPath: explosionEffect
      value: 
      objectReference: {fileID: 100010, guid: 645413a00f7bd0242bbd6d0e5eb6f439, type: 3}
    - target: {fileID: 816682568, guid: 698adc860dbced39b842c95687847f48, type: 3}
      propertyPath: deadEffect
      value: 
      objectReference: {fileID: 100000, guid: 921a3ff88856fe04ebc86b196fd8cc59, type: 3}
    - target: {fileID: 1131482753, guid: 698adc860dbced39b842c95687847f48, type: 3}
      propertyPath: m_Material
      value: 
      objectReference: {fileID: 0}
    - target: {fileID: 1256174259, guid: 698adc860dbced39b842c95687847f48, type: 3}
      propertyPath: m_Material
      value: 
      objectReference: {fileID: 0}
    - target: {fileID: 193854852, guid: 698adc860dbced39b842c95687847f48, type: 3}
      propertyPath: m_Material
      value: 
      objectReference: {fileID: 0}
    - target: {fileID: 66472983, guid: 698adc860dbced39b842c95687847f48, type: 3}
      propertyPath: m_Material
      value: 
      objectReference: {fileID: 0}
    - target: {fileID: 1721207121, guid: 698adc860dbced39b842c95687847f48, type: 3}
      propertyPath: m_TagString
      value: MainCamera
      objectReference: {fileID: 0}
    - target: {fileID: 1721207124, guid: 698adc860dbced39b842c95687847f48, type: 3}
      propertyPath: field of view
      value: 51
      objectReference: {fileID: 0}
    - target: {fileID: 1721207124, guid: 698adc860dbced39b842c95687847f48, type: 3}
      propertyPath: near clip plane
      value: 0.04
      objectReference: {fileID: 0}
    - target: {fileID: 1721207124, guid: 698adc860dbced39b842c95687847f48, type: 3}
      propertyPath: far clip plane
      value: 1000
      objectReference: {fileID: 0}
    - target: {fileID: 1721207124, guid: 698adc860dbced39b842c95687847f48, type: 3}
      propertyPath: m_Depth
      value: 20
      objectReference: {fileID: 0}
    - target: {fileID: 1721207124, guid: 698adc860dbced39b842c95687847f48, type: 3}
      propertyPath: m_AllowMSAA
      value: 1
      objectReference: {fileID: 0}
    - target: {fileID: 1721207124, guid: 698adc860dbced39b842c95687847f48, type: 3}
      propertyPath: m_HDR
      value: 1
      objectReference: {fileID: 0}
    - target: {fileID: 1721207124, guid: 698adc860dbced39b842c95687847f48, type: 3}
      propertyPath: m_OcclusionCulling
      value: 1
      objectReference: {fileID: 0}
    - target: {fileID: 1964526102, guid: 698adc860dbced39b842c95687847f48, type: 3}
      propertyPath: m_IsActive
      value: 0
      objectReference: {fileID: 0}
    m_RemovedComponents:
    - {fileID: 1721207122, guid: 698adc860dbced39b842c95687847f48, type: 3}
  m_SourcePrefab: {fileID: 100100000, guid: 698adc860dbced39b842c95687847f48, type: 3}
